 Dungeon Crawl Stone Soup version 0.31-a0-818-ge7c7cf74f0 (webtiles) character file.

Game seed: 12384651368565424066

245718 puppykicker the Devastator (level 19, -10/100 HPs)
             Began as a Tengu Air Elementalist on Sept 23, 2023.
             Was the Champion of Hepliaklqana.
             Mangled by Agnes
             ... wielding a +2 vampiric lajatang
              (31 damage)
             ... on level 1 of the Elven Halls.
             The game lasted 02:58:18 (45973 turns).

puppykicker the Devastator (TeAE)                  Turns: 45973, Time: 02:58:19

Health: -10/100    AC: 13    Str: 12    XL:     19   Next: 48%
Magic:  20/37      EV: 23    Int: 29    God:    Hepliaklqana [******]
Gold:   199        SH: 12    Dex: 15    Spells: 5/44 levels left

rFire   + . .        b - staff of air {rElec}
rCold   . . .        P - +1 kite shield {reflect} {Reflect}
rNeg    . . .        s - +3 leather armour {Will+}
rPois   +            x - +2 hat {SInv} {sInv}
rElec   +            n - +1 cloak of Starlight {*Dazzle EV+4 Stlth--}
rCorr   +            c - +1 pair of gloves {Stlth+}
SInv    +            (boots unavailable)
Will    ++...        X - amulet of magic regeneration
Stlth   +            F - ring "Jaune" {rPois rF+ Str+3 Int+6}
HPRegen 0.36/turn    G - ring of Understanding {Drain Fly rElec rCorr Slay+5}
MPRegen 0.65/turn

%: reflection, acrobat
@: flying
A: reduced essence, beak, talons 3, evasive flight, acrobatic
}: 2/15 runes: serpentine, barnacled
a: Renounce Religion, Recall Ancestor, Ancestor Identity, Transference, Idealise


You were on level 1 of the Elven Halls.
You worshipped Hepliaklqana.
Hepliaklqana was exalted by your worship.
You visited 7 branches of the dungeon, and saw 32 of its levels.
You also visited: Bailey and Gauntlet.

You collected 4335 gold pieces.
You spent 4136 gold pieces at shops.

Inventory:

Hand Weapons
 a - a +3 demon trident of draining
 w - a +2 demon trident of freezing
Missiles
 v - 5 curare-tipped darts
 L - 4 throwing nets
 S - 5 silver javelins (quivered)
Armour
 c - a +1 pair of gloves of stealth (worn)
 n - the +1 cloak of Starlight (worn) {*Dazzle EV+4 Stlth--}
   (You acquired it in a bailey)

   *Dazzle:   It may blind those who miss an attack against the wearer in melee
   combat.
   EV+4:      It affects your evasion (+4).
   Stlth--:   It makes you much less stealthy.
 s - a +3 leather armour of willpower (worn)
 x - a +2 hat of see invisible (worn) {sInv}
 P - a +1 kite shield of reflection (worn) {Reflect}
 U - a +2 hat of willpower
Magical Staves
 b - a staff of air (weapon) {rElec}
Jewellery
 F - the ring "Jaune" (left hand) {rPois rF+ Str+3 Int+6}
   (You acquired it in a Gauntlet)

   [ring of intelligence]

   Str+3:     It affects your strength (+3).
   Int+6:     It affects your intelligence (+6).
   rF+:       It protects you from fire.
   rPois:     It protects you from poison
 G - the ring of Understanding (right hand) {Drain Fly rElec rCorr Slay+5}
   (You bought it in a shop on level 9 of the Dungeon)

   [ring of flight]

   Slay+5:    It affects your accuracy & damage with ranged weapons and melee
   (+5).
   rElec:     It insulates you from electricity.
   Fly:       It grants you flight.
   rCorr:     It protects you from acid and corrosion.
   Drain:     It drains your maximum health when unequipped.
 I - a ring of protection from cold
 T - the amulet "Mummuhicw" {Acrobat rN+ rCorr}
   (You found it on level 4 of the Lair of Beasts)

   [amulet of the acrobat]

   Acrobat:   It increases your evasion while moving and waiting.
   rN+:       It protects you from negative energy.
   rCorr:     It protects you from acid and corrosion.
 X - an amulet of magic regeneration (around neck)
Wands
 d - a wand of paralysis (14)
 o - a wand of polymorph (5)
 y - a wand of flame (37)
 D - a wand of digging (2)
 K - a wand of iceblast (5)
 Z - a wand of light (11)
Scrolls
 e - 5 scrolls of fear
 f - 7 scrolls of fog
 h - 4 scrolls of summoning
 i - a scroll of silence
 p - 3 scrolls of amnesia
 t - 8 scrolls of teleportation
 B - 6 scrolls of blinking {!r}
 C - a scroll of revelation
 H - 7 scrolls of poison
Potions
 g - 21 potions of curing
 j - 13 potions of haste
 k - 5 potions of berserk rage {!q}
 l - 7 potions of enlightenment
 q - 5 potions of ambrosia
 r - 3 potions of magic
 z - 6 potions of might
 E - 6 potions of heal wounds
 J - 3 potions of cancellation
 M - 6 potions of brilliance
 N - 3 potions of resistance
 O - 2 potions of invisibility
 Q - 4 potions of lignification {!q}
Miscellaneous
 m - a phantom mirror
 A - a lightning rod (4/4)
 V - a box of beasts
 Y - a phial of floods


   Skills:
 - Level 10.0 Fighting
 - Level 14.0 Polearms
 - Level 8.0 Armour
 - Level 10.0 Dodging
 - Level 4.0 Stealth
 + Level 10.1 Shields
 - Level 13.0 Spellcasting
 + Level 19.0 Conjurations
 * Level 9.0 Summonings
 - Level 4.0 Necromancy
 - Level 2.0 Translocations
 - Level 5.0 Fire Magic
 - Level 16.0 Air Magic
 - Level 3.0 Earth Magic
 - Level 2.0 Poison Magic
 - Level 8.0 Invocations
 - Level 5.0 Evocations


You had 5 spell levels left.
You knew the following spells:

 Your Spells              Type           Power      Damage    Failure   Level
b - Flame Wave            Conj/Fire      73%        2d16      1%          4
c - Stone Arrow           Conj/Erth      100%       3d13      1%          3
d - Irradiate             Conj/Tmut      32%        3d22      4%          5
e - Airstrike             Air            53%        2d(8-24)  1%          4
m - Swiftness             Air            100%       N/A       1%          3
p - Blink                 Tloc           60%        N/A       6%          2
s - Spellforged Servitor  Conj/Summ      39%        N/A       22%         7
v - Vampiric Draining     Necr           42%        2d9       4%          3
x - Mephitic Cloud        Conj/Pois/Air  94%        N/A       1%          3
I - Silence               Hex/Air        39%        N/A       9%          5

Your spell library contained the following spells:

 Spells                   Type           Power      Damage    Failure   Level
 Magic Dart               Conj           100%       1d8       0%          1
 Shock                    Conj/Air       100%       1d9       0%          1
 Searing Ray              Conj           100%       2d8       0%          2
 Static Discharge         Conj/Air       100%       2-7/arc   0%          2
 Necrotise                Necr           100%       1d9       1%          1
 Call Imp                 Summ           100%       N/A       1%          2
 Momentum Strike          Conj/Tloc      100%       3d10      1%          2
 Poisonous Vapours        Pois/Air       100%       N/A       1%          2
 Dazzling Flash           Conj/Hex       100%       N/A       1%          3
 Hailstorm                Conj/Ice       65%        3d14      1%          3
 Brom's Barrelling Bould  Conj/Erth      70%        2d8       1%          4
 Fulminant Prism          Conj/Hex       32%        3d16      1%          4
 Sticky Flame             Conj/Fire      73%        2d9       1%          4
 Sandblast                Erth           72%        2d16      2%          1
 Sublimation of Blood     Necr           42%        N/A       2%          2
 Sting                    Tmut/Pois      96%        1d7       6%          1
 Lesser Beckoning         Tloc           60%        N/A       6%          2
 Passwall                 Tmut/Erth      22%        N/A       7%          2
 Animate Armour           Summ/Erth      100%       N/A       8%          4
 Inner Flame              Hex/Fire       33%        N/A       10%         3
 Gell's Gravitas          Tloc           30%        N/A       12%         3
 Teleport Other           Tloc           30%        N/A       12%         3
 Ensorcelled Hibernation  Hex/Ice        36%        N/A       13%         2
 Jinxbite                 Hex            36%        N/A       13%         2
 Wereblood                Tmut           18%        N/A       13%         2
 Summon Ice Beast         Ice/Summ       45%        N/A       14%         4
 Ozocubu's Armour         Ice            18%        N/A       26%         3
 Anguish                  Hex/Necr       15%        N/A       36%         4
 Olgreb's Toxic Radiance  Pois           30%        N/A       36%         4
 Agony                    Necr           42%        N/A       43%         5
 Summon Hydra             Summ           32%        N/A       87%         7
 Dispersal                Tloc           15%        N/A       99%         6
 Simulacrum               Ice/Necr       15%        N/A       99%         6
 Haunt                    Necr/Summ      27%        N/A       99%         7
 Lehudib's Crystal Spear  Conj/Erth      35%        10d9      99%         8
 Ozocubu's Refrigeration  Ice            9%         4d9       100%        7
 Borgnjor's Revivificati  Necr           21%        N/A       100%        8
 Ignition                 Fire           23%        3d8       100%        8
 Death's Door             Necr           21%        N/A       100%        9


Dungeon Overview and Level Annotations

Branches:
Dungeon (15/15)            Temple (1/1) D:5            Lair (5/5) D:9
 Shoals (4/4) Lair:2        Snake (4/4) Lair:2        Slime (0/5) Lair:5
    Orc (2/2) D:11            Elf (1/3) Orc:2        Vaults (0/5) D:14
 Depths (0/4) D:15         Bailey (visited)         Gauntlet (visited)

Altars:
Ashenzari
Cheibriados
Dithmenos
Elyvilon
Fedhas
Gozag
Hepliaklqana
Kikubaaqudgha
Makhleb
Nemelex Xobeh
Okawaru
Qazlal
Ru
Sif Muna
Trog
Uskayaw
Vehumet
Wu Jian
Xom
Yredelemnul
Zin
The Shining One

Shops:
D:1 [   D:2 :   D:9 =   D:11 !(   Orc:2 *!?:=   Snake:1 =*   Snake:3 [
Snake:4 (

Annotations:
D:15 2 transporters, Bustrupp's ghost, journeyman DsMo
Snake:3 1 runed translucent door, Saojabem's ghost, adept MiBe
Elf:1 Agnes


Innate Abilities, Weirdness & Mutations

Your life essence is reduced to manifest your ancestor. (-10% HP)
You have a beak for a mouth.
You have claws for feet.
Your magical flight helps you evade attacks. (EV +4)
You can magically evade attacks while moving or waiting.


Message History

Agnes is heavily wounded.
Agnes hits Mirna with a +2 vampiric lajatang!!
Mirna is destroyed!
You now have 30/37 mp.
Casting: Airstrike (safe; 1% risk of failure)
Confirm with . or Enter, or press ? or * to list all spells.
Aiming: Airstrike (safe; 1% risk of failure)
Press: ? - help, Dir - move target, f/p - Agnes
Aim: Agnes, wielding a +2 vampiric lajatang and wearing a +1 robe of cold resistance (moderately wounded, empty space bonus: 7/8)
You feel a surge of power!
The air twists around and strikes Agnes!!
Agnes is severely wounded.
Agnes misses you. You block Agnes's attack.
You now have 27/37 mp.
Casting: Airstrike (safe; 1% risk of failure)
Confirm with . or Enter, or press ? or * to list all spells.
Aiming: Airstrike (safe; 1% risk of failure)
Press: ? - help, Dir - move target, f/p - Agnes
Aim: Agnes, wielding a +2 vampiric lajatang and wearing a +1 robe of cold resistance (severely wounded, empty space bonus: 7/8)
You feel a surge of power!
The air twists around and strikes Agnes!
Agnes is almost dead.
Agnes hits you with a +2 vampiric lajatang!!!
Agnes draws strength from your wounds!
You take 36 damage, and have 56/100 hp.
MASSIVE DAMAGE!!
You now have 23/37 mp.
Casting: Airstrike (safe; 1% risk of failure)
Confirm with . or Enter, or press ? or * to list all spells.
Aiming: Airstrike (safe; 1% risk of failure)
Press: ? - help, Dir - move target, f/p - Agnes
Aim: Agnes, wielding a +2 vampiric lajatang and wearing a +1 robe of cold resistance (severely wounded, empty space bonus: 7/8)
You feel a surge of power!
The air twists around and strikes Agnes!!
Agnes is almost dead.
Agnes hits you with a +2 vampiric lajatang!!
* * * LOW HITPOINT WARNING * * *
Agnes hits you with a +2 vampiric lajatang!!
You die...
Agnes says, "May you follow the Path of Peace in your next life."

#.....# #..⌠..#
#.....# ##.....##
#######'########.
....#)^)..#......
....#...).#......
.⌠..)..<..+..⌠...
....#..@i.#E.....
....#.....#......
#######'#########
##.....## #.....#
#..⌠..# #.....#
#.....# #.##..#


You could see Agnes and an earth elemental.

Levels and vault maps discovered:
D:1:      beargit_arrival_greenhouse, layout_basic,
          ebering_ecumenical_altar_sacrificial, serial_shops, shop,
          minmay_indecisive_spiral
D:2:      minmay_angry_zag, layout_basic, serial_shops,
          nicolae_book_shop_shelving, dk_noncrumbling_4
D:3:      layout_loops_cross, mainiacjoe_overflow_alcove_1,
          minmay_randomly_rotated_circles
D:4:      layout_gridville, minmay_puff
D:5:      layout_basic, temple_doors_e
D:6:      layout_basic, gammafunk_temple_overflow_claw,
          overflow_temple_1_default
D:7:      layout_layer_cave, centaur_isle
D:8:      layout_basic, grunt_temple_overflow_growth_and_decay, serial_shops,
          shop, enter_bailey_5, onia_ninara_dug_in_and_dangerous
D:9:      layout_gridville, chequers_temple_overflow_statue_of_worship,
          david_lair_shrubbed, serial_shops, nicolae_shop_tiny_real_fake_doors,
          supply_closet_lemuel, minmay_tree_intersection
D:10:     nicolae_BIG_FREAKIN_CUBE, layout_irregular_city,
          nicolae_wu_jian_immortal_techniques
D:11:     layout_basic, orc_0_dummy, serial_shops,
          nicolae_shop_tiny_real_fake_doors, nicolae_shop_industrial_runoff,
          nrook_pool_corridor, nicolae_demonic_statue_gallery
D:12:     layout_big_octagon
D:13:     layout_long_grid, chequers_serial_rivers_small_3
D:14:     layout_roguey, david_vaults_2, nicolae_shop_clearance, uniq_josephine
D:15:     gammafunk_enter_depths_forms, layout_long_grid,
          gammafunk_ghost_berserking_beasts, nicolae_ru_sacrificial_ziggurat,
          yredelemnul_forgotten_temple_becter
Temple:   minmay_freezing_vapour_temple
Lair:1:   layout_concentric_octagons, gauntlet_entry_generic, minmay_holes,
          hibernation_bobbens, grunt_megastairs_3, uniq_gastronok
Lair:2:   layout_regular_city, minmay_shoals_entry_centaurs,
          guppyfry_snake_entry_garden
Lair:3:   layout_roguey, nzn_ghost_randoct, basic_altar,
          hangedman_lair_generics_rect, serial_bayou_shore_a, uniq_urug
Lair:4:   regret_index_tunnel_blossom, layout_regular_city,
          maelrawn_ghost_gauntlet_escape, serial_bayou_shore_b,
          infiniplex_staircase_pool_2, serial_bayou_shore_b
Lair:5:   evilmike_catoblepas_cave, layout_layer_cave,
          nicolae_slime_entry_slimehenge, pdpol_lair_cavern_descent
Shoals:1: layout_shoals, lemuel_oklob_altar
Shoals:2: layout_shoals, uniq_kirke
Shoals:3: layout_shoals
Shoals:4: shoals_end_hellmonk_lost_city
Snake:1:  nicolae_snake_attic_fulla_snakes, layout_onion, nicolae_snake_bzzzt,
          minmay_shop_star
Snake:2:  layout_concentric_octagons, serial_bayou_shore_b
Snake:3:  layout_layer_cave, serial_shops, nicolae_shop_behind_doors,
          ebering_ghost_xom
Snake:4:  snake_pit, layout_rooms, drop_trap, nicolae_snake_gridmaze_spiral,
          nicolae_shop_firing_range
Orc:1:    layout_caves
Orc:2:    grunt_orc_tribal_feast, layout_diamond_mine, basic_altar,
          nicolae_alphabet_shops, sword_in_stone, uniq_donald
Elf:1:    minmay_elf_arrival_plus, layout_loops_ring, serial_shops,
          shop_fountains, minmay_elf_necromancy, uniq_agnes

Notes
Turn   | Place    | Note
-------+----------+-------------------------------------------
     0 | D:1      | puppykicker the Tengu Air Elementalist began the quest for
                  | the Orb.
     0 | D:1      | Reached XP level 1. HP: 10/10 MP: 4/4
    81 | D:1      | Learned a level 1 spell: Magic Dart
   119 | D:1      | Reached skill level 2 in Conjurations
   144 | D:1      | Reached XP level 2. HP: 15/15 MP: 1/6
   150 | D:1      | Identified a +0 short sword
   162 | D:1      | Identified a ring of protection from cold
   359 | D:1      | Found a faded altar of an unknown god.
   371 | D:1      | Identified a +0 dagger
   383 | D:1      | Identified a +1 dagger of draining
   463 | D:1      | Identified a +0 ring mail
   514 | D:1      | Identified a +0 whip
   531 | D:1      | Identified a +0 club
   642 | D:1      | Identified 2 scrolls of enchant armour
   643 | D:1      | Identified 2 scrolls of teleportation
   648 | D:1      | Identified a +0 robe
   684 | D:1      | Found Fossexzeija's Armour Shoppe.
   687 | D:1      | Reached XP level 3. HP: 19/19 MP: 7/7
   713 | D:1      | Identified a +0 dagger
   720 | D:1      | Identified a +0 dagger
   724 | D:1      | Reached skill level 3 in Conjurations
   801 | D:1      | Identified a +0 short sword
   927 | D:1      | Identified a +0 chain mail
  1006 | D:2      | Identified a +0 club
  1010 | D:2      | Reached skill level 5 in Air Magic
  1108 | D:2      | Learned a level 3 spell: Swiftness
  1216 | D:2      | Found Omomanof's Book Shop.
  1483 | D:2      | Identified an amulet of regeneration
  1630 | D:2      | Identified a +0 short sword
  1631 | D:2      | Reached XP level 4. HP: 24/24 MP: 2/8
  1746 | D:2      | Identified a +0 club
  1841 | D:2      | Identified a ring of wizardry
  2080 | D:2      | Identified a +0 spear
  2299 | D:3      | Reached skill level 4 in Conjurations
  2449 | D:3      | Identified a +0 dagger
  2464 | D:3      | Identified a +0 ring mail
  2575 | D:3      | Identified a +0 short sword
  2578 | D:3      | Identified 2 scrolls of fear
  2760 | D:3      | Identified a +0 club
  2760 | D:3      | Identified a +0 leather armour
  2875 | D:3      | Identified a +0 hand axe of electrocution
  2875 | D:3      | Noticed an ice beast
  2875 | D:3      | Identified a +0 hand axe
  2903 | D:3      | HP: 5/24 [ice beast (6)]
  2905 | D:3      | HP: 1/24 [ice beast (5)]
  2906 | D:3      | Killed an ice beast
  2907 | D:3      | Reached skill level 1 in Fighting
  2907 | D:3      | Reached skill level 6 in Air Magic
  2907 | D:3      | Reached XP level 5. HP: 2/29 MP: 2/9
  2911 | D:3      | Learned a level 3 spell: Vampiric Draining
  2914 | D:3      | Identified a ring of magical power
  3016 | D:3      | Identified a +0 dagger
  3016 | D:3      | Identified a +0 robe
  3024 | D:3      | Reached skill level 3 in Dodging
  3024 | D:3      | Reached XP level 6. HP: 25/34 MP: 10/10
  3133 | D:3      | Found a broken altar of Ashenzari.
  3199 | D:4      | Identified a +0 dagger
  3199 | D:4      | Identified a +0 whip
  3199 | D:4      | Identified a +0 ring mail
  3203 | D:4      | Identified a +0 whip
  3203 | D:4      | Identified a +0 leather armour
  3205 | D:4      | Identified a +0 trident
  3205 | D:4      | Identified a +0 leather armour
  3208 | D:4      | Identified a +0 short sword
  3330 | D:4      | Identified a +0 mace
  3391 | D:4      | Identified a +0 dagger
  3391 | D:4      | Identified a +0 robe
  3391 | D:4      | Identified a +1 heavy falchion
  3391 | D:4      | Identified a +0 hand axe
  3399 | D:4      | Reached skill level 1 in Necromancy
  3401 | D:4      | Identified 2 scrolls of blinking
  3509 | D:4      | Reached skill level 2 in Fighting
  3509 | D:4      | Reached skill level 5 in Conjurations
  3610 | D:4      | Identified a +0 club
  3615 | D:4      | Identified a scroll of identify
  3615 | D:4      | Identified a potion of heal wounds
  3616 | D:4      | Identified a scroll of revelation
  3617 | D:4      | Identified a scroll of fog
  3618 | D:4      | Identified a scroll of amnesia
  3619 | D:4      | Identified a scroll of vulnerability
  3620 | D:4      | Identified a scroll of poison
  3687 | D:4      | Identified an amulet of the acrobat
  3735 | D:4      | Identified a +0 dagger
  4045 | D:5      | Entered Level 5 of the Dungeon
  4071 | D:5      | Reached skill level 1 in Armour
  4071 | D:5      | Gained mutation: Your magical flight helps you evade
                  | attacks. (EV +4) [Tengu growth]
  4071 | D:5      | Reached XP level 7. HP: 40/40 MP: 11/11
  4073 | D:5      | Identified a +0 dagger
  4080 | D:5      | Identified a +0 giant club
  4080 | D:5      | Identified a +0 giant club
  4080 | D:5      | Noticed a two-headed ogre
  4081 | D:5      | Identified a +0 dagger
  4081 | D:5      | Identified a +0 robe
  4082 | D:5      | Identified a +0 dagger
  4082 | D:5      | Identified a +0 robe
  4238 | D:5      | Reached skill level 2 in Necromancy
  4330 | D:2      | Bought a book of Minor Magic for 216 gold pieces
  4334 | D:2      | Learned a level 3 spell: Mephitic Cloud
  4407 | D:5      | Identified a +0 short sword
  4547 | D:5      | Identified 3 potions of curing
  4548 | D:5      | Identified 2 scrolls of summoning
  4654 | D:5      | Identified a +0 ring mail
  4782 | D:5      | Reached skill level 2 in Armour
  4806 | D:5      | Killed a two-headed ogre
  4807 | D:5      | Reached skill level 3 in Fighting
  4807 | D:5      | Reached skill level 3 in Armour
  4807 | D:5      | Reached skill level 4 in Dodging
  4807 | D:5      | Reached skill level 3 in Spellcasting
  4807 | D:5      | Reached skill level 6 in Conjurations
  4807 | D:5      | Reached skill level 3 in Necromancy
  4807 | D:5      | Reached skill level 7 in Air Magic
  4807 | D:5      | Reached XP level 8. HP: 44/47 MP: 4/14
  4933 | D:5      | Identified 2 potions of degeneration
  4936 | D:5      | Identified a +0 dagger
  4981 | D:5      | Identified a +0 dagger
  4982 | D:5      | Identified a +0 flail
  4982 | D:5      | Identified a +0 ring mail
  4985 | D:5      | Identified a +0 dagger
  4985 | D:5      | Identified a +0 robe
  5157 | D:5      | Identified a +0 morningstar
  5200 | D:5      | Identified a ring of resist corrosion
  5278 | D:5      | Reached skill level 1 in Poison Magic
  5279 | D:5      | Identified a +0 dagger
  5279 | D:5      | Identified a +0 robe
  5282 | D:5      | Identified a +0 dagger
  5282 | D:5      | Identified a +0 robe
  5282 | D:5      | Identified a +0 dagger
  5283 | D:5      | Identified a +0 short sword
  5284 | D:5      | Identified a +0 dagger
  5284 | D:5      | Identified a +0 robe
  5304 | D:5      | Reached XP level 9. HP: 47/52 MP: 2/15
  5533 | D:5      | Found a staircase to the Ecumenical Temple.
  5581 | Temple   | Entered the Ecumenical Temple
  5586 | Temple   | Became a worshipper of Hepliaklqana the Forgotten
  5922 | D:6      | Found a snail-covered altar of Cheibriados.
  6016 | D:6      | Identified a +0 spear
  6017 | D:6      | Identified a +0 spear
  6018 | D:6      | Identified a +0 halberd
  6020 | D:6      | Reached skill level 4 in Fighting
  6059 | D:6      | Reached skill level 5 in Dodging
  6059 | D:6      | Reached skill level 4 in Necromancy
  6079 | D:6      | Found a sacrificial altar of Ru.
  6079 | D:6      | Found a radiant altar of Vehumet.
  6079 | D:6      | Found a shimmering blue altar of Sif Muna.
  6099 | D:6      | Identified a +0 club
  6101 | D:6      | Identified a +0 spear
  6101 | D:6      | Identified a +0 scale mail
  6102 | D:6      | Identified a +0 whip
  6104 | D:6      | Identified a +0 dagger
  6108 | D:6      | Identified a +0 whip
  6109 | D:6      | Identified a +0 club
  6111 | D:6      | Identified a +0 club
  6116 | D:6      | Identified a +0 spear
  6116 | D:6      | Identified a +0 club
  6468 | D:6      | Identified a potion of enlightenment
  6469 | D:6      | Identified 3 scrolls of noise
  6470 | D:6      | Identified a scroll of enchant weapon
  6478 | D:6      | Identified a +0 short sword
  6493 | D:6      | Identified a +0 short sword
  6497 | D:6      | Reached skill level 4 in Armour
  6497 | D:6      | Reached skill level 7 in Conjurations
  6497 | D:6      | Reached skill level 8 in Air Magic
  6497 | D:6      | Reached skill level 2 in Poison Magic
  6499 | D:6      | Identified a +0 club
  6688 | D:6      | Identified 3 potions of berserk rage
  6761 | D:6      | Identified a +0 battleaxe
  6761 | D:6      | Identified a +0 robe
  6761 | D:6      | Identified a +3 hand axe
  6761 | D:6      | Identified a +0 robe
  6773 | D:6      | Reached skill level 4 in Spellcasting
  6789 | D:6      | Identified a +3 great sword
  6789 | D:6      | Identified a +0 robe
  6789 | D:6      | Identified a +0 hand axe
  6789 | D:6      | Identified a +0 robe
  6789 | D:6      | Identified a +3 long sword of freezing
  6789 | D:6      | Identified a +0 robe
  6884 | D:7      | Identified a +0 flail
  6887 | D:7      | Identified a +0 dagger
  6887 | D:7      | Identified a +0 robe
  6892 | D:7      | Identified a +0 whip
  6892 | D:7      | Identified a +0 ring mail
  6896 | D:7      | Identified a +1 vampiric long sword
  6972 | D:7      | Identified a +0 pair of gloves
  6987 | D:7      | Identified 2 potions of haste
  7010 | D:7      | Reached * piety under Hepliaklqana
  7059 | D:7      | Identified a +0 orcbow
  7060 | D:7      | Identified a +0 orcbow
  7063 | D:7      | Identified a +0 antimagic shortbow
  7104 | D:7      | Identified a +0 orcbow
  7105 | D:7      | Identified a +0 shortbow
  7108 | D:7      | Reached skill level 8 in Conjurations
  7108 | D:7      | Reached skill level 9 in Air Magic
  7110 | D:7      | Identified a +1 orcbow of electrocution
  7113 | D:7      | HP: 1/46 [centaur/arrow (14)]
  7297 | D:7      | Identified a +0 shortbow
  7312 | D:7      | Reached skill level 9 in Conjurations
  7382 | D:7      | Reached skill level 10 in Air Magic
  7387 | D:7      | Learned a level 4 spell: Airstrike
  7395 | D:7      | Identified a +0 war axe
  7412 | D:7      | Identified a +0 short sword
  7414 | D:7      | Identified a +1 short sword of venom
  7417 | D:7      | Identified a +0 short sword
  7422 | D:7      | Reached XP level 10. HP: 41/50 MP: 17/17
  7615 | D:7      | Identified a +0 flail
  7615 | D:7      | Noticed a gargoyle
  7619 | D:7      | Killed a gargoyle
  7620 | D:7      | Reached skill level 1 in Invocations
  7626 | D:7      | Identified a +0 trident
  7626 | D:7      | Identified a +0 robe
  7626 | D:7      | Identified an amulet of reflection
  7631 | D:7      | Identified a +2 hand axe
  7631 | D:7      | Identified a +0 robe
  7637 | D:7      | Identified a +0 short sword
  7638 | D:7      | Identified a +0 dagger
  7638 | D:7      | Identified a +4 long sword of freezing
  7638 | D:7      | Identified a +0 robe
  7643 | D:7      | Identified a +0 dagger
  7643 | D:7      | Identified a +0 dagger
  7644 | D:7      | Identified a +0 short sword
  7857 | D:7      | Identified 2 potions of ambrosia
  8172 | D:7      | Identified a +0 orcbow
  8406 | D:7      | Identified a +0 spear
  8721 | D:8      | Identified a +0 club
  8721 | D:8      | Identified a +0 dagger
  8721 | D:8      | Identified a +0 robe
  8723 | D:8      | Identified a +0 dagger
  8723 | D:8      | Identified a +0 robe
  8731 | D:8      | Reached ** piety under Hepliaklqana
  8732 | D:8      | Remembered your ancestor Mirna as a knight
  8732 | D:8      | Identified a +0 flail
  8732 | D:8      | Identified a +0 kite shield
  8737 | D:8      | Identified a +0 war axe
  8737 | D:8      | Noticed a skeletal warrior
  8741 | D:8      | Identified a +0 war axe
  8741 | D:8      | Noticed a skeletal warrior
  8742 | D:8      | Identified a +0 long sword
  8742 | D:8      | Noticed a skeletal warrior
  8745 | D:8      | Identified a +0 flail
  8745 | D:8      | Noticed a skeletal warrior
  8745 | D:8      | Identified a +0 dire flail
  8745 | D:8      | Noticed a skeletal warrior
  8749 | D:8      | Killed a skeletal warrior
  8750 | D:8      | Reached skill level 3 in Stealth
  8831 | D:8      | Found a flagged portal.
  8832 | D:8      | Found Nizausiq's Distillery.
  8842 | D:8      | Killed an unseen horror
  8843 | D:8      | Reached skill level 10 in Conjurations
  8843 | D:8      | Reached skill level 2 in Invocations
  8865 | Bailey   | Entered a bailey
  8894 | Bailey   | Identified a +0 war axe
  8894 | Bailey   | Identified a +0 plate armour
  8955 | Bailey   | Identified a +0 war axe
  8955 | Bailey   | Identified a +0 ring mail
  8955 | Bailey   | Identified a +0 hand axe
  8955 | Bailey   | Identified a +0 leather armour
  8969 | Bailey   | Acquired the +1 cloak of Starlight {*Dazzle EV+4 Stlth--}
  8969 | Bailey   | Found the +1 cloak of Starlight {*Dazzle EV+4 Stlth--}
  8976 | Bailey   | Identified a +0 war axe
  8976 | Bailey   | Identified a +0 plate armour
  9110 | Bailey   | Identified a +0 broad axe
  9110 | Bailey   | Identified a +0 plate armour
  9116 | Bailey   | Reached skill level 5 in Fighting
  9116 | Bailey   | Identified a +0 hand axe
  9116 | Bailey   | Identified a +0 ring mail
  9116 | Bailey   | Identified a +0 hand axe
  9116 | Bailey   | Identified a +0 leather armour
  9116 | Bailey   | Identified a +0 hand axe
  9116 | Bailey   | Identified a +0 leather armour
  9196 | Bailey   | Identified a +0 hand axe
  9196 | Bailey   | Identified a +0 leather armour
  9210 | Bailey   | Identified a +0 war axe
  9210 | Bailey   | Identified a +0 plate armour
  9211 | Bailey   | Identified a +0 battleaxe
  9211 | Bailey   | Identified a +0 scale mail
  9223 | Bailey   | Reached skill level 6 in Dodging
  9239 | Bailey   | Identified a +2 morningstar of protection
  9239 | Bailey   | Identified a +0 leather armour
  9277 | Bailey   | Identified a +0 flail
  9277 | Bailey   | Identified a +0 kite shield
  9301 | Bailey   | Identified a +0 war axe
  9301 | Bailey   | Identified a +0 chain mail
  9311 | Bailey   | Identified a +0 hand axe
  9311 | Bailey   | Identified a +0 leather armour
  9458 | Bailey   | Identified a +0 hand axe
  9458 | Bailey   | Identified a +0 leather armour
  9458 | Bailey   | Identified a +0 war axe
  9458 | Bailey   | Identified a +0 scale mail
  9459 | Bailey   | Identified a +0 hand axe
  9459 | Bailey   | Identified a +0 leather armour
  9460 | Bailey   | Identified a +0 hand axe
  9460 | Bailey   | Identified a +0 leather armour
  9476 | Bailey   | Identified a +0 hand axe
  9476 | Bailey   | Identified a +0 ring mail
  9480 | Bailey   | Reached skill level 4 in Stealth
  9480 | Bailey   | Reached skill level 5 in Spellcasting
  9485 | Bailey   | Learned a level 4 spell: Flame Wave
  9571 | Bailey   | Identified a +0 hand axe
  9571 | Bailey   | Identified a +0 leather armour
  9571 | Bailey   | Identified a +0 hand axe
  9571 | Bailey   | Identified a +0 leather armour
  9571 | Bailey   | Identified a +0 hand axe
  9571 | Bailey   | Identified a +0 leather armour
  9571 | Bailey   | Identified a +0 hand axe
  9571 | Bailey   | Identified a +0 leather armour
  9571 | Bailey   | Identified a +0 hand axe
  9571 | Bailey   | Identified a +0 leather armour
  9572 | Bailey   | Identified a +0 hand axe
  9572 | Bailey   | Identified a +0 leather armour
  9598 | Bailey   | Identified a +0 war axe
  9598 | Bailey   | Identified a +0 ring mail
  9598 | Bailey   | Identified a +0 hand axe
  9598 | Bailey   | Identified a +0 leather armour
  9601 | Bailey   | Identified a +0 war axe
  9601 | Bailey   | Identified a +0 scale mail
  9601 | Bailey   | Noticed a kobold demonologist
  9602 | Bailey   | Identified a +0 hand axe
  9602 | Bailey   | Identified a +0 leather armour
  9604 | Bailey   | Killed a kobold demonologist
  9605 | Bailey   | Reached skill level 11 in Air Magic
  9605 | Bailey   | Reached XP level 11. HP: 56/57 MP: 4/19
  9607 | Bailey   | Identified a +0 mace
  9607 | Bailey   | Identified a +0 leather armour
  9609 | Bailey   | Identified a +0 hand axe
  9609 | Bailey   | Identified a +0 leather armour
  9613 | Bailey   | Found an iron altar of Okawaru.
  9692 | Bailey   | Identified a +0 battleaxe
  9692 | Bailey   | Identified a +0 scale mail
  9697 | Bailey   | Reached skill level 3 in Invocations
  9802 | Bailey   | Identified a +0 hand axe
  9803 | Bailey   | Identified a +0 long sword
  9804 | Bailey   | Identified a +0 halberd of venom
  9808 | Bailey   | Identified a +0 leather armour
  9809 | Bailey   | Identified a +2 scale mail of poison resistance
  9811 | Bailey   | Identified a +0 chain mail
  9842 | Bailey   | Acquired 1219 gold pieces
  9936 | D:8      | Identified a potion of might
  9971 | D:8      | Identified a +0 dagger
  9971 | D:8      | Identified a +0 robe
  9972 | D:8      | Identified a +0 long sword
  9972 | D:8      | Identified a +0 chain mail
  9975 | D:8      | Identified a +0 short sword
  9975 | D:8      | Identified a +0 ring mail
  9976 | D:8      | Identified a +0 club
 10029 | D:8      | Killed a skeletal warrior
 10142 | D:8      | Killed a skeletal warrior
 10198 | D:8      | Identified a +0 flail
 10198 | D:8      | Identified a +0 kite shield
 10368 | D:8      | Bought a potion of enlightenment for 60 gold pieces
 10368 | D:8      | Bought a potion of haste for 120 gold pieces
 10368 | D:8      | Bought a potion of curing for 36 gold pieces
 10368 | D:8      | Bought a potion of curing for 36 gold pieces
 10368 | D:8      | Bought a potion of might for 48 gold pieces
 10368 | D:8      | Bought a potion of lignification for 36 gold pieces
 10368 | D:8      | Bought a potion of curing for 36 gold pieces
 10368 | D:8      | Bought a potion of curing for 36 gold pieces
 10368 | D:8      | Bought a potion of lignification for 36 gold pieces
 10402 | D:8      | Identified a ring of flight
 10493 | D:8      | Found a blossoming altar of Fedhas.
 10496 | D:8      | Found an ancient bone altar of Kikubaaqudgha.
 10750 | D:8      | Identified a +0 flail
 10750 | D:8      | Identified a +0 kite shield
 10774 | D:8      | Killed a skeletal warrior
 10939 | D:8      | Identified a +0 dagger
 11042 | D:8      | Identified a +0 long sword
 11042 | D:8      | Identified a +0 leather armour
 11042 | D:8      | Noticed a deep elf pyromancer
 11049 | D:8      | Identified a +3 short sword of freezing
 11146 | D:9      | Reached skill level 6 in Fighting
 11146 | D:9      | Reached skill level 7 in Dodging
 11147 | D:9      | Reached skill level 11 in Conjurations
 11288 | D:9      | Identified a +0 club
 11288 | D:9      | Identified a +0 club
 11288 | D:9      | Identified a +0 dagger
 11289 | D:9      | Identified a +0 club
 11289 | D:9      | Identified a +0 short sword
 11291 | D:9      | Identified a +0 dagger
 11291 | D:9      | Identified a +2 short sword of venom
 11291 | D:9      | Identified a +0 short sword
 11296 | D:9      | Identified a +0 flail
 11296 | D:9      | Identified a +0 robe
 11296 | D:9      | Identified a +0 morningstar
 11296 | D:9      | Identified a +2 robe of willpower
 11298 | D:9      | Identified a +0 long sword
 11298 | D:9      | Identified a +0 robe
 11300 | D:9      | Identified a +0 dire flail
 11300 | D:9      | Identified a +0 robe
 11465 | D:9      | Found Rocridd's Jewellery Boutique.
 11473 | D:9      | Bought the ring of Understanding {Drain Fly rElec rCorr
                  | Slay+5} for 525 gold pieces
 11507 | D:9      | Identified +0 acid dragon scales
 11556 | D:9      | Identified a +0 dagger
 11556 | D:9      | Identified a +0 robe
 11556 | D:9      | Identified a +0 mace
 11556 | D:9      | Identified a +0 club
 11558 | D:9      | Identified a +0 dagger
 11558 | D:9      | Identified a +0 robe
 11564 | D:9      | Identified a +2 great sword of freezing
 11564 | D:9      | Identified a +0 robe
 11570 | D:9      | Identified a +0 flail
 11570 | D:9      | Identified a +0 robe
 11583 | D:9      | Identified a +0 falchion
 11583 | D:9      | Identified a +0 robe
 11804 | D:9      | Identified a potion of attraction
 11835 | D:9      | Found a burning altar of Makhleb.
 11836 | D:9      | Found an iron altar of Okawaru.
 11836 | D:9      | Found a sparkling altar of Nemelex Xobeh.
 11882 | D:9      | Reached skill level 4 in Invocations
 12022 | D:9      | Identified a +0 spear
 12076 | D:9      | Identified a +0 falchion
 12077 | D:9      | Identified a +0 scimitar
 12077 | D:9      | Identified a +0 plate armour
 12077 | D:9      | Identified a +0 hand axe
 12079 | D:9      | Identified a +0 hand axe
 12079 | D:9      | Identified a +0 scale mail
 12079 | D:9      | Identified a +0 dagger
 12253 | D:9      | Found a staircase to the Lair.
 12262 | D:9      | Reached skill level 6 in Spellcasting
 12266 | D:9      | Identified an amulet of guardian spirit
 12475 | D:10     | Entered Level 10 of the Dungeon
 12476 | D:10     | Identified a +1 heavy glaive
 12476 | D:10     | Identified a +0 plate armour
 12476 | D:10     | Identified a +0 flail
 12476 | D:10     | Identified a +0 ring mail
 12476 | D:10     | Identified a +0 hand axe
 12476 | D:10     | Identified a +0 morningstar
 12635 | D:10     | You are sucked into a shaft and drop 1 floor!
 12643 | D:11     | Identified a +0 demon trident
 12645 | D:11     | Identified a +0 demon trident
 12659 | D:11     | Reached skill level 12 in Air Magic
 12814 | D:11     | Identified a +0 buckler
 12951 | D:10     | Reached *** piety under Hepliaklqana
 12953 | D:10     | Identified a +0 short sword
 12953 | D:10     | Identified a +0 chain mail
 12953 | D:10     | Identified a +0 club
 12953 | D:10     | Identified a +0 ring mail
 12953 | D:10     | Identified a +0 club
 12953 | D:10     | Identified a +0 leather armour
 12955 | D:10     | Identified a +0 dagger
 12955 | D:10     | Identified a +0 robe
 13142 | D:10     | Reached skill level 7 in Spellcasting
 13142 | D:10     | Reached XP level 12. HP: 63/63 MP: 23/23
 13147 | D:10     | Learned a level 4 spell: Brom's Barrelling Boulder
 13164 | D:10     | Found an ornate altar of the Wu Jian Council.
 13392 | D:10     | Identified a +0 trident
 13392 | D:10     | Identified a +0 orcbow
 13392 | D:10     | Identified a +0 chain mail
 13394 | D:10     | Identified a +0 hand axe
 13395 | D:10     | Identified a +0 flail
 13626 | D:11     | Identified a +0 dagger
 13626 | D:11     | Identified a +0 robe
 13626 | D:11     | Identified a +0 hand axe
 13626 | D:11     | Identified a +0 ring mail
 13626 | D:11     | Identified a +0 short sword
 13627 | D:11     | Identified a +0 dagger
 13627 | D:11     | Identified a +0 leather armour
 13634 | D:11     | Identified a +0 orcbow
 13636 | D:11     | Reached skill level 1 in Earth Magic
 13647 | D:11     | Reached skill level 12 in Conjurations
 13711 | D:11     | Identified a +0 flail
 13711 | D:11     | Identified a +0 kite shield
 13964 | D:11     | Identified a +0 robe
 14016 | D:11     | Found a staircase to the Orcish Mines.
 14093 | D:11     | Identified a potion of brilliance
 14204 | D:11     | Learned a level 4 spell: Sticky Flame
 14319 | D:11     | Identified a potion of invisibility
 14479 | D:11     | Found Zoripp's Distillery.
 14488 | D:11     | Bought a potion of cancellation for 120 gold pieces
 14488 | D:11     | Bought a potion of curing for 45 gold pieces
 14488 | D:11     | Bought a potion of ambrosia for 120 gold pieces
 14488 | D:11     | Bought a potion of mutation for 120 gold pieces
 14488 | D:11     | Bought a potion of haste for 150 gold pieces
 14488 | D:11     | Bought a potion of lignification for 45 gold pieces
 14488 | D:11     | Bought a potion of might for 60 gold pieces
 14600 | D:11     | Found Loheake's Weapon Shop.
 14615 | D:12     | Reached skill level 8 in Spellcasting
 14615 | D:12     | Reached skill level 2 in Earth Magic
 14846 | D:12     | Identified a +0 troll leather armour
 14896 | D:12     | Reached **** piety under Hepliaklqana
 15039 | D:12     | Identified a +0 flail
 15143 | D:12     | Learned a level 3 spell: Stone Arrow
 15396 | D:13     | Identified a +0 short sword
 15485 | D:13     | Reached skill level 1 in Fire Magic
 15596 | D:13     | Noticed a four-headed hydra
 15599 | D:13     | Killed a four-headed hydra
 15750 | D:13     | Reached skill level 3 in Earth Magic
 15776 | D:13     | Noticed a catoblepas
 15781 | D:13     | Noticed a boulder beetle
 15787 | D:13     | Killed a catoblepas
 15788 | D:13     | Reached skill level 2 in Fire Magic
 15804 | D:13     | Killed a boulder beetle
 15805 | D:13     | Reached XP level 13. HP: 68/68 MP: 1/26
 15975 | D:13     | Reached skill level 13 in Conjurations
 16206 | D:13     | Identified a +0 shortbow
 16216 | D:13     | Reached skill level 5 in Armour
 16216 | D:13     | Reached skill level 9 in Spellcasting
 16268 | D:13     | Identified a +0 flail
 16268 | D:13     | Identified a +0 kite shield
 16384 | D:13     | Reached skill level 7 in Fighting
 16436 | D:13     | Reached ***** piety under Hepliaklqana
 16516 | D:14     | Identified a +0 sling
 16534 | D:14     | Noticed a fire dragon
 16540 | D:14     | Killed a fire dragon
 16541 | D:14     | Reached skill level 8 in Dodging
 16551 | D:14     | Reached skill level 3 in Fire Magic
 16582 | D:13     | Identified a +0 flail
 16582 | D:13     | Identified a +0 kite shield
 16742 | D:14     | Found Aroalaixt's CLEARANCE SALE!.
 16749 | D:14     | Bought a scroll of identify for 6 gold pieces
 16749 | D:14     | Bought a wand of polymorph (5) for 21 gold pieces
 16749 | D:14     | Bought a potion of might for 12 gold pieces
 16749 | D:14     | Bought a potion of heal wounds for 15 gold pieces
 16785 | D:14     | Identified a +0 dagger of speed
 16785 | D:14     | Identified a +0 robe
 16785 | D:14     | Noticed Josephine
 16795 | D:14     | Killed Josephine
 16796 | D:14     | Reached skill level 5 in Invocations
 16852 | D:14     | Identified a +0 flail
 16852 | D:14     | Identified a +0 kite shield
 16900 | D:14     | Identified a +0 flail
 16900 | D:14     | Identified a +0 kite shield
 17063 | D:14     | Reached skill level 13 in Air Magic
 17091 | D:14     | Identified a +0 flail
 17091 | D:14     | Identified a +0 kite shield
 17203 | D:14     | Identified a ring of poison resistance
 17220 | D:14     | Found a gate to the Vaults.
 17220 | D:14     | Identified a +0 giant spiked club
 17220 | D:14     | Identified a +0 giant club
 17220 | D:14     | Identified a +0 giant spiked club
 17220 | D:14     | Identified a +0 giant club
 17221 | D:14     | Identified a +0 rapier
 17222 | D:14     | Identified a +0 flail
 17222 | D:14     | Identified a +0 robe
 17293 | D:14     | Identified a +0 flail
 17293 | D:14     | Identified a +0 kite shield
 17419 | D:14     | Reached skill level 4 in Fire Magic
 17457 | D:14     | Reached skill level 6 in Armour
 17457 | D:14     | Identified a +0 flail
 17457 | D:14     | Identified a +0 kite shield
 17840 | D:13     | Identified a +0 flail
 17840 | D:13     | Identified a +0 kite shield
 17979 | D:14     | Identified a +0 flail
 17979 | D:14     | Identified a +0 kite shield
 18042 | D:14     | Identified a +0 flail
 18052 | D:14     | Identified an orb of energy
 18100 | D:14     | Identified a +0 leather armour
 18206 | D:15     | Entered Level 15 of the Dungeon
 18214 | D:15     | Noticed a fire dragon
 18214 | D:15     | Noticed Bustrupp's ghost (journeyman DsMo)
 18215 | D:15     | Noticed an iron dragon
 18225 | D:15     | Found a transporter.
 18287 | D:15     | Identified a +0 helmet
 18291 | D:15     | Identified a +0 trident
 18291 | D:15     | Identified a +0 robe
 18291 | D:15     | Noticed a rakshasa
 18303 | D:15     | Killed a rakshasa
 18322 | D:15     | Reached XP level 14. HP: 74/74 MP: 4/28
 18360 | D:14     | Identified a +0 flail
 18360 | D:14     | Identified a +0 kite shield
 18517 | D:15     | Identified a +0 rapier
 18517 | D:15     | Identified a +0 leather armour
 18522 | D:15     | Reached skill level 8 in Fighting
 18528 | D:15     | Learned a level 2 spell: Blink
 18533 | D:15     | Identified a +0 flail
 18533 | D:15     | Identified a +0 kite shield
 18598 | D:15     | Found a basalt altar of Yredelemnul.
 18654 | D:15     | Identified a +0 short sword
 18655 | D:15     | Reached skill level 9 in Dodging
 18655 | D:15     | Reached skill level 6 in Invocations
 18656 | D:15     | Identified a +0 dagger
 18656 | D:15     | Identified a +0 robe
 18665 | D:15     | Reached skill level 5 in Fire Magic
 18769 | D:15     | Identified a +0 war axe
 18769 | D:15     | Identified a +0 chain mail
 18772 | D:15     | Identified a +0 hand axe
 18788 | D:15     | Reached skill level 14 in Conjurations
 18831 | D:15     | Identified a +0 flail
 18831 | D:15     | Identified a +0 kite shield
 18940 | D:15     | Identified a +0 flail
 18940 | D:15     | Identified a +0 kite shield
 19066 | D:15     | Identified a +0 troll leather armour
 19101 | D:15     | Found a transporter.
 19416 | D:15     | Found a sacrificial altar of Ru.
 19530 | D:15     | Found a staircase to the Depths.
 19539 | D:15     | Reached skill level 7 in Armour
 19770 | Lair:1   | Entered Level 1 of the Lair of Beasts
 19805 | Lair:1   | Found a gate leading to a gauntlet.
 19814 | Gauntlet | Entered a Gauntlet
 19814 | Gauntlet | Found a transporter.
 19814 | Gauntlet | Found a transporter.
 19814 | Gauntlet | Found a transporter.
 19817 | Gauntlet | Identified a +0 dagger
 19817 | Gauntlet | Identified a +0 robe
 19828 | Gauntlet | Found a transporter.
 19831 | Gauntlet | Found a transporter.
 19839 | Gauntlet | Found a transporter.
 19842 | Gauntlet | Found a transporter.
 19852 | Gauntlet | Found a transporter.
 19870 | Gauntlet | Found a transporter.
 19889 | Gauntlet | Found a transporter.
 19891 | Gauntlet | Found a transporter.
 19907 | Gauntlet | Found a transporter.
 19959 | Gauntlet | Acquired the ring "Jaune" {rPois rF+ Str+3 Int+6}
 20044 | Gauntlet | Identified a +0 flail
 20044 | Gauntlet | Identified a +0 kite shield
 20072 | Gauntlet | Identified a potion of resistance
 20152 | Gauntlet | Identified a +0 flail
 20152 | Gauntlet | Identified a +0 kite shield
 20207 | Gauntlet | Identified a +2 hat of willpower
 20240 | Gauntlet | Identified the +7 whip of the Spectre {speed, rN+ Int+3}
 20240 | Gauntlet | Identified a +0 plate armour
 20259 | Gauntlet | Reached skill level 10 in Spellcasting
 20269 | Gauntlet | Identified the +1 short sword "Huthrit" {drain, +Blink
                  | Dex+2}
 20269 | Gauntlet | Identified a +2 rapier of venom
 20269 | Gauntlet | Identified a ring of willpower
 20269 | Gauntlet | Identified a +6 ring of dexterity
 20276 | Gauntlet | Identified a scroll of brand weapon
 20297 | Lair:1   | Identified a +0 flail
 20297 | Lair:1   | Identified a +0 kite shield
 20428 | Lair:1   | Identified a +1 hat of see invisible
 20428 | Lair:1   | Noticed Gastronok
 20434 | Lair:1   | Identified a +0 war axe
 20531 | Lair:1   | Killed Gastronok
 20532 | Lair:1   | Reached skill level 1 in Translocations
 20970 | Lair:1   | Identified a +0 robe
 21110 | Lair:2   | Found a staircase to the Snake Pit.
 21110 | Lair:2   | Identified a +0 long sword
 21111 | Lair:2   | Identified a +0 war axe of venom
 21111 | Lair:2   | Identified a +0 robe
 21121 | Lair:2   | Identified a +0 scimitar
 21273 | Lair:2   | Identified a +0 orcbow
 21273 | Lair:2   | Identified a +0 orcbow
 21273 | Lair:2   | Identified a +0 shortbow
 21274 | Lair:2   | Found a staircase to the Shoals.
 21274 | Lair:2   | Identified a +0 shortbow
 21509 | Lair:2   | Identified a +0 cloak
 21693 | Lair:2   | Reached skill level 2 in Translocations
 21732 | Lair:2   | Identified a +0 flail
 21732 | Lair:2   | Identified a +0 kite shield
 21914 | Lair:2   | Reached skill level 9 in Fighting
 21974 | Lair:2   | Reached skill level 8 in Armour
 21974 | Lair:2   | Reached skill level 10 in Dodging
 21974 | Lair:2   | Reached skill level 7 in Invocations
 22153 | Lair:3   | Found an iron altar of Okawaru.
 22193 | Lair:3   | Reached XP level 15. HP: 58/81 MP: 8/30
 22343 | Lair:3   | Reached skill level 15 in Conjurations
 22385 | Lair:3   | Reached ****** piety under Hepliaklqana
 22565 | Lair:3   | Identified a +3 eveningstar of flaming
 22565 | Lair:3   | Identified a +3 scale mail of willpower
 22565 | Lair:3   | Noticed Urug
 22577 | Lair:3   | Killed Urug
 22756 | Lair:3   | Identified a scroll of immolation
 22994 | Lair:3   | Found a transporter.
 22998 | Lair:3   | Found a transporter.
 23045 | Lair:3   | Noticed greasedhog's ghost (journeyman TeFi)
 23124 | Lair:3   | Identified a +0 chain mail
 23315 | Lair:4   | Reached skill level 14 in Air Magic
 23488 | Lair:4   | Identified a +0 rapier
 23504 | Lair:4   | Found a runed translucent gate.
 23505 | Lair:4   | Found a runed translucent gate.
 23506 | Lair:4   | Found a runed translucent gate.
 23548 | Lair:4   | Noticed Ducw's ghost (journeyman DsFE)
 23926 | Lair:4   | Identified a +1 hat
 23934 | Lair:4   | Identified a +0 dagger
 23935 | Lair:4   | Identified a +0 trident
 23935 | Lair:4   | Identified a +0 hand axe
 23935 | Lair:4   | Identified a +0 leather armour
 23968 | Lair:4   | Reached skill level 10 in Fighting
 23968 | Lair:4   | Reached skill level 8 in Invocations
 23978 | Lair:4   | Identified a +0 war axe
 23978 | Lair:4   | Identified a +0 robe
 23980 | Lair:4   | Identified a +0 war axe
 23980 | Lair:4   | Identified a +0 leather armour
 24025 | Lair:4   | Identified a +0 broad axe of flaming
 24025 | Lair:4   | Identified a +0 kite shield
 24132 | Lair:4   | Identified a +0 plate armour
 24179 | Lair:4   | Reached skill level 16 in Conjurations
 24216 | Lair:4   | Reached skill level 1 in Polearms
 24368 | Lair:4   | Reached skill level 2 in Polearms
 24401 | Lair:4   | Reached skill level 3 in Polearms
 24436 | Lair:4   | Identified a +2 kite shield
 24868 | Lair:5   | Entered Level 5 of the Lair of Beasts
 24928 | Lair:5   | Found a staircase to the Slime Pits.
 24954 | Lair:5   | Reached skill level 4 in Polearms
 24969 | Lair:5   | Reached skill level 5 in Polearms
 25021 | Lair:5   | Identified a +0 broad axe of flaming
 25021 | Lair:5   | Identified a +0 kite shield
 25278 | Lair:5   | Reached skill level 6 in Polearms
 25379 | Lair:5   | Identified a +2 plate armour of cold resistance
 25556 | Lair:5   | Reached skill level 7 in Polearms
 25742 | Lair:5   | Reached skill level 8 in Polearms
 26092 | Lair:5   | Reached XP level 16. HP: 69/87 MP: 6/31
 26095 | Lair:5   | Reached skill level 9 in Polearms
 26304 | Lair:5   | Reached skill level 10 in Polearms
 26376 | Lair:5   | Identified the +3 great mace of Bodily Humours {freeze,
                  | Int+3}
 26379 | Lair:5   | Identified a +1 pair of boots of flying
 26706 | Orc:1    | Entered Level 1 of the Orcish Mines
 26706 | Orc:1    | Identified a +0 flail
 26706 | Orc:1    | Identified a +0 chain mail
 26706 | Orc:1    | Identified a +0 mace
 26706 | Orc:1    | Identified a +0 short sword
 26706 | Orc:1    | Identified a +0 dagger
 26706 | Orc:1    | Identified a +0 flail
 26706 | Orc:1    | Identified a +0 ring mail
 26735 | Orc:1    | Identified a +0 broad axe
 26735 | Orc:1    | Identified a +0 chain mail
 26735 | Orc:1    | Identified a +1 dagger of protection
 26735 | Orc:1    | Identified a +0 whip
 26735 | Orc:1    | Identified a +0 ring mail
 26735 | Orc:1    | Identified a +0 hand axe
 26735 | Orc:1    | Identified a +0 plate armour
 26736 | Orc:1    | Identified a +3 war axe
 26736 | Orc:1    | Identified a +0 plate armour
 26784 | Orc:1    | Identified a +0 giant club
 26830 | Orc:1    | Identified a +0 flail
 26830 | Orc:1    | Identified a +1 dagger of venom
 26830 | Orc:1    | Identified a +0 dagger
 26830 | Orc:1    | Identified a +0 robe
 26842 | Orc:1    | Identified a +0 whip
 26843 | Orc:1    | Identified a +0 dire flail
 26843 | Orc:1    | Identified a +0 plate armour
 26853 | Orc:1    | Identified a +0 dagger
 26853 | Orc:1    | Identified a +0 robe
 27065 | Orc:2    | Entered Level 2 of the Orcish Mines
 27065 | Orc:2    | Identified a +0 war axe
 27065 | Orc:2    | Identified a +0 plate armour
 27065 | Orc:2    | Identified a +0 dagger
 27065 | Orc:2    | Identified a +0 robe
 27065 | Orc:2    | Identified a +0 dagger
 27065 | Orc:2    | Identified a +0 robe
 27065 | Orc:2    | Identified a +0 giant spiked club
 27065 | Orc:2    | Identified a +0 giant club
 27065 | Orc:2    | Identified a +0 giant club
 27065 | Orc:2    | Identified a +0 short sword
 27065 | Orc:2    | Identified a +0 dagger
 27065 | Orc:2    | Identified a +0 robe
 27066 | Orc:2    | Identified a +0 dagger
 27066 | Orc:2    | Identified a +0 robe
 27066 | Orc:2    | Identified a +0 trident
 27066 | Orc:2    | Identified a +0 chain mail
 27067 | Orc:2    | Identified a +0 giant club
 27067 | Orc:2    | Identified a +0 giant club
 27069 | Orc:2    | Identified a +0 giant spiked club
 27069 | Orc:2    | Identified a +0 giant club
 27070 | Orc:2    | Identified a +0 giant club
 27070 | Orc:2    | Identified a +0 mace
 27070 | Orc:2    | Identified a +0 chain mail
 27071 | Orc:2    | Identified a +0 giant club
 27071 | Orc:2    | Identified a +0 giant club
 27071 | Orc:2    | Identified a +0 battleaxe
 27071 | Orc:2    | Identified a +0 chain mail
 27071 | Orc:2    | Identified a +0 dagger
 27071 | Orc:2    | Identified a +0 robe
 27073 | Orc:2    | Identified a +0 dire flail
 27073 | Orc:2    | Identified a +0 great mace
 27073 | Orc:2    | Identified a +0 trident
 27074 | Orc:2    | Identified a +0 giant spiked club
 27074 | Orc:2    | Identified a +0 spear
 27074 | Orc:2    | Identified a +0 robe
 27075 | Orc:2    | Identified a +0 dire flail
 27075 | Orc:2    | Identified a +0 chain mail
 27079 | Orc:2    | Identified a +0 war axe
 27079 | Orc:2    | Identified a +0 dagger
 27080 | Orc:2    | Reached skill level 1 in Evocations
 27080 | Orc:2    | Identified a +0 dagger
 27080 | Orc:2    | Identified a +0 robe
 27081 | Orc:2    | Identified a +0 dagger
 27082 | Orc:2    | Identified a +0 dire flail
 27082 | Orc:2    | Identified a +2 chain mail of willpower
 27084 | Orc:2    | Identified a +3 dire flail
 27084 | Orc:2    | Identified a +0 orcbow
 27084 | Orc:2    | Identified a +0 plate armour
 27086 | Orc:2    | Identified a +0 short sword
 27089 | Orc:2    | Identified a +0 dagger
 27089 | Orc:2    | Identified a +2 robe of willpower
 27098 | Orc:2    | Reached skill level 2 in Evocations
 27111 | Orc:2    | Reached skill level 11 in Polearms
 27299 | Orc:2    | Found Btwyllem's Bounteous Boutique.
 27305 | Orc:2    | Bought a scroll of torment for 142 gold pieces
 27305 | Orc:2    | Bought a scroll of blinking for 112 gold pieces
 27305 | Orc:2    | Bought a scroll of brand weapon for 142 gold pieces
 27338 | Orc:2    | Identified a +0 short sword
 27338 | Orc:2    | Identified a +0 chain mail
 27339 | Orc:2    | Identified a +0 hand axe
 27339 | Orc:2    | Identified a +1 leather armour of willpower
 27339 | Orc:2    | Identified a +0 whip
 27340 | Orc:2    | Identified a +0 short sword
 27340 | Orc:2    | Identified a +0 war axe
 27340 | Orc:2    | Identified a +0 plate armour
 27340 | Orc:2    | Identified a +2 dagger of electrocution
 27340 | Orc:2    | Identified a +0 robe
 27341 | Orc:2    | Identified a +0 battleaxe
 27341 | Orc:2    | Identified a +0 plate armour
 27344 | Orc:2    | Identified a +0 dagger
 27344 | Orc:2    | Identified a +0 scale mail
 27344 | Orc:2    | Identified a +0 hand axe
 27344 | Orc:2    | Identified a +0 ring mail
 27347 | Orc:2    | Identified a +0 long sword
 27347 | Orc:2    | Identified a +6 chain mail of ponderousness
 27347 | Orc:2    | Identified a +0 kite shield of reflection
 27347 | Orc:2    | Noticed Donald
 27347 | Orc:2    | Identified a +0 dagger
 27347 | Orc:2    | Identified a +0 robe
 27351 | Orc:2    | Identified a +0 glaive
 27351 | Orc:2    | Identified a +0 chain mail
 27352 | Orc:2    | Identified a +0 whip
 27352 | Orc:2    | Identified a +0 ring mail
 27352 | Orc:2    | Identified a +0 whip
 27353 | Orc:2    | Identified a +0 club
 27353 | Orc:2    | Identified a +0 giant club
 27353 | Orc:2    | Identified a +0 dagger of protection
 27353 | Orc:2    | Identified a +0 leather armour
 27360 | Orc:2    | Killed Donald
 27470 | Orc:2    | Identified a +2 dagger of venom
 27470 | Orc:2    | Identified a +0 robe
 27480 | Orc:2    | Identified a +2 heavy hand axe
 27480 | Orc:2    | Identified a +0 scale mail
 27805 | Orc:2    | Identified a +0 battleaxe
 27805 | Orc:2    | Identified a +0 plate armour
 27805 | Orc:2    | Identified a +0 long sword
 27805 | Orc:2    | Identified a +0 chain mail
 27806 | Orc:2    | Identified a +0 battleaxe
 27806 | Orc:2    | Identified a +0 plate armour
 27806 | Orc:2    | Identified a +0 dagger
 27806 | Orc:2    | Identified a +0 trident
 27806 | Orc:2    | Identified a +0 plate armour
 27806 | Orc:2    | Identified a +0 hand axe
 27806 | Orc:2    | Identified a +1 dagger of draining
 27806 | Orc:2    | Identified a +0 robe of cold resistance
 27808 | Orc:2    | Identified a +1 long sword of holy wrath
 27808 | Orc:2    | Identified a +0 plate armour
 27808 | Orc:2    | Identified a +0 long sword
 27810 | Orc:2    | Identified a +0 falchion
 27810 | Orc:2    | Identified a +0 plate armour
 27813 | Orc:2    | Identified a +0 battleaxe
 27813 | Orc:2    | Identified a +0 chain mail
 27819 | Orc:2    | Identified a +2 scimitar of electrocution
 27838 | Orc:2    | Identified a +0 dagger
 27838 | Orc:2    | Identified a +0 robe
 27839 | Orc:2    | Identified a +0 halberd
 27839 | Orc:2    | Identified a +0 ring mail of willpower
 27839 | Orc:2    | Identified a +0 dagger
 27839 | Orc:2    | Identified a +2 robe of cold resistance
 27877 | Orc:2    | HP: 21/87 [orc high priest/divine providence (12)]
 27879 | Orc:2    | Reached skill level 3 in Evocations
 28033 | Orc:2    | Identified a +0 dagger
 28033 | Orc:2    | Identified a +0 robe
 28058 | Orc:2    | Found Dima's Distillery.
 28058 | Orc:2    | Found Nalualu's Jewellery Emporium.
 28060 | Orc:2    | Found Gialevaps's Magic Scroll Boutique.
 28060 | Orc:2    | Found Tuerat's Book Emporium.
 28075 | Orc:2    | Bought a scroll of fog for 56 gold pieces
 28075 | Orc:2    | Bought a scroll of fear for 56 gold pieces
 28075 | Orc:2    | Bought a scroll of teleportation for 42 gold pieces
 28075 | Orc:2    | Bought a scroll of summoning for 133 gold pieces
 28077 | Orc:2    | Bought a potion of curing for 51 gold pieces
 28077 | Orc:2    | Bought a potion of curing for 51 gold pieces
 28077 | Orc:2    | Bought a potion of might for 68 gold pieces
 28077 | Orc:2    | Bought a potion of lignification for 51 gold pieces
 28077 | Orc:2    | Bought 2 potions of haste for 340 gold pieces
 28077 | Orc:2    | Bought 2 potions of curing for 102 gold pieces
 28119 | Orc:2    | Found a staircase to the Elven Halls.
 28231 | Orc:2    | Identified a +0 trident
 28231 | Orc:2    | Identified a +0 chain mail
 28231 | Orc:2    | Identified a +0 kite shield
 28231 | Orc:2    | Identified a +0 dagger
 28231 | Orc:2    | Identified a +0 robe
 28232 | Orc:2    | Identified a +0 mace
 28232 | Orc:2    | Identified a +2 robe of positive energy
 28232 | Orc:2    | Noticed Blork the orc
 28232 | Orc:2    | Identified a +0 short sword
 28232 | Orc:2    | Identified a +0 plate armour
 28239 | Orc:2    | Identified a +5 long sword
 28239 | Orc:2    | Identified a +2 halberd of protection
 28239 | Orc:2    | Identified a +0 orcbow
 28239 | Orc:2    | Identified a +2 chain mail of cold resistance
 28249 | Orc:2    | Killed Blork the orc
 28253 | Orc:2    | Identified a +0 trident
 28253 | Orc:2    | Identified a +0 plate armour
 28410 | Orc:1    | Identified a +0 great sword
 28410 | Orc:1    | Identified a +1 chain mail of poison resistance
 28410 | Orc:1    | Identified a +0 hand axe
 28410 | Orc:1    | Identified a +0 hand axe
 28410 | Orc:1    | Identified a +0 chain mail
 28410 | Orc:1    | Identified a +0 dire flail
 28410 | Orc:1    | Identified a +0 chain mail
 28414 | Orc:1    | Identified a +0 giant club
 28623 | Shoals:1 | Entered Level 1 of the Shoals
 28692 | Shoals:1 | Identified a +0 orcbow
 28732 | Shoals:1 | Identified a +0 spear
 28732 | Shoals:1 | Identified a +0 sling
 28765 | Shoals:1 | Learned a level 5 spell: Silence
 28814 | Shoals:1 | You are sucked into a shaft and drop 1 floor!
 28814 | Shoals:2 | Identified a +0 trident
 28814 | Shoals:2 | Identified a +2 robe
 28814 | Shoals:2 | Identified a +0 spear
 28814 | Shoals:2 | Identified a +0 glaive
 28814 | Shoals:2 | Identified a +0 glaive
 28814 | Shoals:2 | Identified a +0 spear
 28822 | Shoals:2 | Identified a +0 trident
 28823 | Shoals:2 | Identified a +0 trident
 28825 | Shoals:2 | Identified a +0 spear
 28833 | Shoals:2 | Identified a +0 quarterstaff
 28833 | Shoals:2 | Identified a +0 sling of freezing
 29027 | Shoals:2 | Identified a +0 sling
 29027 | Shoals:2 | Identified a +0 club
 29378 | Shoals:2 | Reached skill level 12 in Polearms
 29634 | Shoals:2 | Identified a +0 short sword
 29917 | Shoals:2 | Reached skill level 15 in Air Magic
 29917 | Shoals:2 | Reached skill level 4 in Evocations
 29945 | Shoals:2 | Identified a +0 quarterstaff
 29945 | Shoals:2 | Identified a +0 sling of electrocution
 29946 | Shoals:2 | Identified a +0 spear
 29948 | Shoals:2 | Identified a +0 spear
 29948 | Shoals:2 | Identified a +0 sling
 29949 | Shoals:2 | Identified a +0 quarterstaff
 29949 | Shoals:2 | Identified a +2 heavy longbow
 29951 | Shoals:1 | Identified a +0 trident
 30192 | Shoals:1 | Identified a +0 rapier
 30323 | Shoals:1 | Reached skill level 17 in Conjurations
 30483 | D:8      | Reached XP level 17. HP: 85/91 MP: 30/32
 30496 | D:8      | Identified a +0 plate armour
 30642 | Lair:3   | Identified a +0 pair of boots
 30778 | Lair:3   | Identified a +0 broad axe of flaming
 30778 | Lair:3   | Identified a +0 kite shield
 31017 | Lair:3   | Killed greasedhog's ghost
 31054 | Lair:3   | Identified a +1 dagger of protection
 31184 | Lair:4   | Identified a +0 ring mail
 31211 | Lair:4   | Killed Ducw's ghost
 31226 | Lair:4   | Identified the amulet "Mummuhicw" {Acrobat rN+ rCorr}
 31613 | Shoals:1 | Identified a +0 orcbow
 31811 | Shoals:1 | Reached skill level 13 in Polearms
 31811 | Shoals:1 | Reached skill level 5 in Evocations
 31896 | Shoals:1 | Identified a +0 club
 31896 | Shoals:1 | Identified a +0 sling
 31978 | Shoals:1 | Identified a +0 trident
 32029 | Shoals:1 | Found a bloodstained altar of Trog.
 32341 | Shoals:2 | Identified a +0 spear
 32446 | Shoals:2 | Identified a +0 club
 32446 | Shoals:2 | Identified a +0 sling
 32702 | Orc:2    | Bought an amulet of magic regeneration for 390 gold pieces
 33040 | Shoals:2 | Identified a +0 orcbow
 33050 | Shoals:2 | Noticed Kirke
 33418 | Shoals:2 | Killed Kirke
 33675 | Shoals:3 | Identified a +0 trident
 33749 | Shoals:3 | Identified a +0 trident
 33750 | Shoals:3 | Identified a +0 trident of flaming
 33750 | Shoals:3 | Identified a +0 robe
 33750 | Shoals:3 | Identified a +0 spear
 33757 | Shoals:3 | Reached skill level 1 in Shields
 33785 | Shoals:3 | Identified a +0 trident
 33873 | Shoals:3 | Identified a +1 rapier of electrocution
 33873 | Shoals:3 | Identified a +0 robe
 33994 | Shoals:3 | Identified a +0 trident
 34201 | Shoals:3 | Identified a +0 trident of holy wrath
 34221 | Shoals:3 | Identified a +0 halberd
 34236 | Shoals:3 | Identified a +0 trident
 34236 | Shoals:3 | Identified a +0 robe
 34237 | Shoals:3 | Identified a +1 halberd of freezing
 34403 | Shoals:3 | Identified a +0 rapier
 34437 | Shoals:3 | Identified a +0 broad axe
 34518 | Shoals:3 | Identified a +0 trident
 34558 | Shoals:3 | Identified a +0 trident
 34558 | Shoals:3 | Identified a +0 robe
 34944 | Shoals:3 | Identified a +2 rapier of draining
 34944 | Shoals:3 | Identified a +0 robe
 34956 | Shoals:3 | Identified a +0 trident
 34958 | Shoals:3 | Identified a +0 trident
 34970 | Shoals:3 | Reached skill level 2 in Shields
 35035 | Shoals:3 | Identified a +0 broad axe of flaming
 35035 | Shoals:3 | Identified a +0 kite shield
 35219 | Shoals:3 | Identified a +0 orcbow
 35240 | Shoals:3 | Noticed a kraken
 35301 | Shoals:3 | Identified a +0 broad axe of flaming
 35301 | Shoals:3 | Identified a +0 kite shield
 35608 | Shoals:3 | Killed a kraken
 35899 | Shoals:4 | Entered Level 4 of the Shoals
 35899 | Shoals:4 | Identified a +0 rapier
 35899 | Shoals:4 | Identified a +0 robe
 35899 | Shoals:4 | Identified a +0 trident
 35900 | Shoals:4 | Identified a +0 trident
 35900 | Shoals:4 | Identified a +0 trident
 35934 | Shoals:4 | Reached skill level 16 in Air Magic
 35945 | Shoals:4 | Identified a +1 rapier of protection
 35945 | Shoals:4 | Identified a +0 robe
 35947 | Shoals:4 | Identified a +0 spear
 35947 | Shoals:4 | Identified a +0 longbow
 35947 | Shoals:4 | Identified a +0 trident
 36090 | Shoals:4 | Reached skill level 14 in Polearms
 36093 | Shoals:4 | Identified a +0 trident
 36274 | Shoals:4 | Reached skill level 3 in Shields
 36682 | Shoals:4 | Identified a +0 orcbow
 36688 | Shoals:4 | Identified a +3 demon trident of draining
 36688 | Shoals:4 | Identified a +0 robe
 36689 | Shoals:4 | Identified a +0 halberd
 36690 | Shoals:4 | Identified a +0 trident
 36692 | Shoals:4 | HP: 17/91 [merfolk impaler/+3 demon trident of draining
                  | (14)]
 37533 | Snake:1  | Entered Level 1 of the Snake Pit
 37533 | Snake:1  | Identified a +0 halberd
 37580 | Snake:1  | Identified a +0 halberd
 37604 | Lair:2   | Identified a +0 broad axe of flaming
 37604 | Lair:2   | Identified a +0 kite shield
 37762 | Snake:1  | Identified a +0 short sword
 37903 | Snake:1  | Reached skill level 18 in Conjurations
 38056 | Snake:1  | Found Rakkelus's Jewellery Shoppe.
 38064 | Snake:1  | Found Ecwomunk's Assorted Antiques.
 38071 | Snake:1  | Bought a scroll of teleportation for 114 gold pieces
 38486 | Snake:1  | Identified a +0 battleaxe
 38486 | Snake:1  | Identified a +0 robe
 38488 | Snake:1  | Identified a +0 mace
 38490 | Snake:1  | Identified a +0 halberd
 38490 | Snake:1  | Identified a +0 long sword
 38490 | Snake:1  | Identified a +0 longbow
 38493 | Snake:1  | Reached skill level 4 in Shields
 38639 | Snake:1  | Identified a +0 halberd
 38641 | Snake:1  | Identified a +0 halberd
 38641 | Snake:1  | Identified a +4 trident of flaming
 38692 | Snake:1  | Identified a +0 scimitar
 38692 | Snake:1  | Identified a +0 robe
 38721 | Snake:1  | Identified a +0 broad axe of flaming
 38721 | Snake:1  | Identified a +0 kite shield
 39177 | Snake:1  | Identified a +0 broad axe of flaming
 39177 | Snake:1  | Identified a +0 kite shield
 39210 | Snake:1  | Identified a +0 trident
 39210 | Snake:1  | Identified a +0 robe
 39222 | Snake:1  | Reached skill level 11 in Spellcasting
 39232 | Snake:1  | Reached skill level 5 in Shields
 39399 | Snake:1  | Identified a +0 halberd
 39435 | Snake:1  | Reached XP level 18. HP: 96/96 MP: 19/34
 39442 | Snake:1  | Identified a +0 long sword
 39450 | Snake:1  | Identified a +0 war axe
 39450 | Snake:1  | Identified a +2 tower shield of poison resistance
 39554 | Snake:1  | Identified a +0 mace
 39554 | Snake:1  | Identified a +0 robe
 39681 | Snake:1  | Identified a +0 dire flail
 39681 | Snake:1  | Identified a +0 robe
 39953 | Snake:2  | Identified a +0 scimitar
 39953 | Snake:2  | Identified a +0 robe
 39960 | Snake:2  | Reached skill level 6 in Shields
 40060 | Snake:2  | Identified a +0 glaive
 40060 | Snake:2  | Identified a +0 robe
 40083 | Snake:2  | Identified a +0 hand axe
 40093 | Snake:2  | Identified a +0 short sword
 40149 | Snake:2  | Identified a +0 shortbow of flaming
 40151 | Snake:2  | Identified a +0 shortbow of flaming
 40153 | Snake:2  | Identified a +2 heavy scimitar
 40153 | Snake:2  | Identified a +0 robe
 40154 | Snake:2  | Identified a +0 spear
 40227 | Snake:2  | Identified a +0 halberd
 40249 | Snake:2  | Identified a +0 mace
 40250 | Snake:2  | Identified a +0 trident
 40253 | Snake:2  | Identified a +0 quarterstaff
 40253 | Snake:2  | Identified a +0 robe
 40255 | Snake:2  | Identified a +0 spear of venom
 40300 | Snake:2  | Identified a +2 short sword of holy wrath
 40400 | Snake:2  | Identified a +0 club
 40400 | Snake:2  | Identified a +0 robe
 40407 | Snake:2  | Identified a +2 hand axe of freezing
 40450 | Snake:2  | Identified a +0 ring mail
 40458 | Snake:2  | Identified a +0 halberd
 40458 | Snake:2  | Identified a +0 robe
 40524 | Snake:2  | Identified a +0 whip
 40524 | Snake:2  | Identified a +0 robe
 40921 | Snake:3  | Identified a +0 great mace of protection
 40988 | Snake:3  | Identified a +0 club
 40992 | Snake:3  | Reached skill level 7 in Shields
 40992 | Snake:3  | Identified a +0 scimitar
 40992 | Snake:3  | Identified a +0 shortbow
 40992 | Snake:3  | Identified a +1 glaive of protection
 40995 | Snake:3  | Identified a +0 halberd
 40997 | Snake:3  | Identified a +0 battleaxe
 40997 | Snake:3  | Identified a +0 glaive
 40997 | Snake:3  | Identified a +0 arbalest
 40997 | Snake:3  | Identified a +0 robe
 40997 | Snake:3  | Identified a +0 short sword
 40997 | Snake:3  | Identified a +0 glaive
 40997 | Snake:3  | Identified a +0 short sword
 40997 | Snake:3  | Identified a +0 robe
 41001 | Snake:3  | Identified a +0 flail
 41015 | Snake:3  | Reached skill level 12 in Spellcasting
 41065 | Snake:3  | Learned a level 5 spell: Irradiate
 41150 | Snake:3  | Identified a +0 flail
 41207 | Snake:3  | Identified a +0 long sword
 41252 | Snake:3  | Found Odumasuil's Antique Armour Shoppe.
 41255 | Snake:3  | Bought a pair of glowing gloves for 232 gold pieces
 41255 | Snake:3  | Identified a +1 pair of gloves of stealth (You bought it in
                  | a shop on level 3 of the Snake Pit)
 41255 | Snake:3  | Bought a runed leather armour for 155 gold pieces
 41255 | Snake:3  | Identified a +3 leather armour of poison resistance (You
                  | bought it in a shop on level 3 of the Snake Pit)
 41292 | Snake:3  | Identified a +0 hand axe
 41320 | Snake:3  | Identified a +0 long sword
 41321 | Snake:3  | Identified a +0 long sword
 41321 | Snake:3  | Identified a +0 robe
 41331 | Snake:3  | Identified a +3 spear
 41331 | Snake:3  | Identified a +0 halberd
 41396 | Snake:3  | Found a runed translucent door.
 41397 | Snake:3  | Found a shimmering altar of Xom.
 41397 | Snake:3  | Noticed Saojabem's ghost (adept MiBe)
 41397 | Snake:3  | Identified a +2 quick blade of chaos
 41461 | Snake:3  | Identified a +0 dagger
 41494 | Snake:3  | Identified a +0 dire flail
 41498 | Snake:3  | Identified a +1 great mace of holy wrath
 41498 | Snake:3  | Identified a +0 war axe
 41509 | Snake:3  | Identified a +0 whip
 41516 | Snake:3  | Identified a +0 hand axe
 41516 | Snake:3  | Identified a +0 shortbow
 41547 | Snake:3  | Identified a +0 trident
 41648 | Snake:3  | Identified a +0 glaive
 41651 | Snake:3  | Identified a +0 club
 41651 | Snake:3  | Identified a +0 whip
 41651 | Snake:3  | Identified a +0 dire flail
 41789 | Snake:3  | Identified a +0 battleaxe
 42047 | Snake:4  | Entered Level 4 of the Snake Pit
 42048 | Snake:4  | Identified a +0 long sword
 42048 | Snake:4  | Identified a +0 shortbow
 42048 | Snake:4  | Identified a +0 short sword
 42048 | Snake:4  | Identified a +0 long sword
 42048 | Snake:4  | Identified a +0 robe
 42048 | Snake:4  | Identified a +0 shortbow of flaming
 42062 | Snake:4  | Identified a +0 war axe
 42066 | Snake:4  | Reached skill level 8 in Shields
 42074 | Snake:4  | Identified a +0 trident
 42214 | Snake:4  | Found Jeno Soa's Firing Range.
 42260 | Snake:4  | Identified a +0 club
 42260 | Snake:4  | Identified a +0 robe
 42260 | Snake:4  | Identified a +0 quarterstaff
 42260 | Snake:4  | Identified a +0 robe
 42262 | Snake:4  | Identified a +0 halberd
 42266 | Snake:4  | Identified a +0 war axe
 42266 | Snake:4  | Identified a +0 robe
 42269 | Snake:4  | Identified a +0 flail
 42314 | Snake:4  | Identified a +0 glaive
 42327 | Snake:4  | Identified a +0 dagger
 42327 | Snake:4  | Identified a +0 robe
 42740 | Snake:4  | Got a sparkling book
 42751 | Snake:4  | Learned a level 7 spell: Spellforged Servitor
 42799 | Snake:4  | Identified a +4 arbalest
 42809 | Snake:4  | Identified a +0 trident
 42896 | Snake:4  | Identified a +0 mace
 42896 | Snake:4  | Identified a +0 shortbow
 42896 | Snake:4  | Identified a +0 hand axe
 42896 | Snake:4  | Identified a +0 shortbow
 42898 | Snake:4  | Identified a +0 mace
 42898 | Snake:4  | Identified a +0 dire flail
 42899 | Snake:4  | Identified a +0 dagger
 42899 | Snake:4  | Identified a +0 robe
 42919 | Snake:4  | Reached skill level 1 in Summonings
 42981 | Snake:4  | Identified a +0 dire flail
 43037 | Snake:4  | Identified a +3 halberd
 43039 | Snake:4  | Identified a +0 mace
 43040 | Snake:4  | Identified a +0 halberd
 43041 | Snake:4  | Identified a +0 dire flail
 43041 | Snake:4  | Identified a +0 robe
 43043 | Snake:4  | Reached skill level 2 in Summonings
 43043 | Snake:4  | Identified a +0 flail
 43043 | Snake:4  | Identified a +0 battleaxe
 43046 | Snake:4  | Identified a +0 hand axe
 43046 | Snake:4  | Identified a +0 robe
 43047 | Snake:4  | Identified a +0 war axe
 43047 | Snake:4  | Identified a +0 robe
 43047 | Snake:4  | Identified a +0 whip
 43047 | Snake:4  | Identified a +0 robe
 43048 | Snake:4  | Identified a +0 shortbow
 43048 | Snake:4  | Identified a +0 short sword
 43078 | Snake:4  | HP: 8/96 [salamander tyrant (24)]
 43107 | Snake:4  | Identified a +0 broad axe of flaming
 43107 | Snake:4  | Identified a +0 kite shield
 43352 | Snake:4  | Identified a +3 flail
 43352 | Snake:4  | Identified a +0 shortbow
 43363 | Snake:4  | Identified a +2 heavy halberd
 43363 | Snake:4  | Identified a +0 robe
 43369 | Snake:4  | Identified a +0 glaive
 43375 | Snake:4  | Identified a +0 club
 43375 | Snake:4  | Identified a +0 battleaxe
 43379 | Snake:4  | Reached skill level 3 in Summonings
 43387 | Snake:4  | Identified a +0 flail
 43387 | Snake:4  | Identified a +0 robe
 43432 | Snake:4  | Identified a +0 shortbow of flaming
 43487 | Snake:4  | Identified a +0 whip
 43487 | Snake:4  | Identified a +0 robe
 43495 | Snake:4  | Identified a +0 spear
 43495 | Snake:4  | Identified a +0 robe
 43500 | Snake:4  | Identified a +0 falchion
 43516 | Snake:4  | Identified a +0 scimitar
 43516 | Snake:4  | Identified a +0 kite shield of positive energy
 43530 | Snake:4  | Reached skill level 4 in Summonings
 43581 | Snake:4  | Identified a +0 broad axe of flaming
 43581 | Snake:4  | Identified a +0 kite shield
 43583 | Snake:4  | Identified a +0 battleaxe
 43587 | Snake:4  | Identified a +0 long sword
 43587 | Snake:4  | Identified a +0 robe
 43657 | Snake:4  | Identified a +0 spear
 43657 | Snake:4  | Identified a +0 leather armour
 43666 | Snake:4  | Identified a +0 club
 43666 | Snake:4  | Identified a +0 robe
 43667 | Snake:4  | Reached skill level 9 in Shields
 43669 | Snake:4  | Identified a +0 flail
 43669 | Snake:4  | Identified a +0 hand axe
 43669 | Snake:4  | Identified a +0 shortbow
 43687 | Snake:4  | Identified a +0 glaive
 43687 | Snake:4  | Identified a +0 arbalest
 43687 | Snake:4  | Identified a +0 robe
 43736 | Snake:4  | Identified a +0 glaive
 43739 | Snake:4  | Identified a +0 spear
 43741 | Snake:4  | Identified a +0 hand axe
 43746 | Snake:4  | Identified a +0 halberd
 43747 | Snake:4  | Identified a +0 dire flail
 43747 | Snake:4  | Identified a +0 robe
 43748 | Snake:4  | Identified a +0 club
 43748 | Snake:4  | Identified a +0 robe
 43752 | Snake:4  | Identified a +0 scimitar
 43752 | Snake:4  | Identified a +0 robe
 43755 | Snake:4  | Identified a +0 battleaxe
 43755 | Snake:4  | Identified a +0 arbalest
 43755 | Snake:4  | Identified a +0 robe
 43760 | Snake:4  | Reached skill level 5 in Summonings
 43768 | Snake:4  | Identified a +0 hand axe
 43768 | Snake:4  | Identified a +0 robe
 43772 | Snake:4  | Identified a +0 mace
 43773 | Snake:4  | Identified a +0 hand axe
 43773 | Snake:4  | Identified a +0 robe
 43780 | Snake:4  | Identified a +0 glaive
 43782 | Snake:4  | Identified a +0 spear
 43783 | Snake:4  | Reached XP level 19. HP: 96/100 MP: 6/36
 43784 | Snake:4  | Identified a +0 short sword
 43788 | Snake:4  | Identified a +0 whip
 43907 | Snake:4  | Got a serpentine rune of Zot
 43910 | Snake:4  | Identified a +2 halberd of protection
 43910 | Snake:4  | Identified a +0 robe
 44193 | Shoals:3 | Reached skill level 6 in Summonings
 44201 | Shoals:4 | Identified a +0 trident
 44203 | Shoals:4 | Reached skill level 13 in Spellcasting
 44435 | Shoals:4 | Identified a +0 trident
 44700 | Shoals:4 | Identified a +0 spear
 44700 | Shoals:4 | Identified a +0 sling
 44705 | Shoals:4 | Identified a +0 spear
 44705 | Shoals:4 | Identified a +0 longbow of flaming
 44708 | Shoals:4 | Identified a +0 spear
 44708 | Shoals:4 | Identified a +0 longbow
 44710 | Shoals:4 | Identified a +0 club
 44710 | Shoals:4 | Identified a +0 sling
 44711 | Shoals:4 | Reached skill level 7 in Summonings
 44766 | Shoals:4 | Identified a +0 broad axe of flaming
 44766 | Shoals:4 | Identified a +0 tower shield of reflection
 44793 | Shoals:4 | Identified a +0 trident
 44793 | Shoals:4 | Identified a +0 leather armour
 44813 | Shoals:4 | Identified a +0 spear
 44813 | Shoals:4 | Identified a +0 sling
 44814 | Shoals:4 | Identified a +0 chain mail
 44877 | Shoals:4 | Found the +9 scales of the Dragon King {rPois rF+ rC+
                  | Will+}
 44889 | Shoals:4 | Identified a +0 longbow
 44889 | Shoals:4 | Identified a +0 spear
 44890 | Shoals:4 | Identified a +0 spear
 44890 | Shoals:4 | Identified a +0 sling
 44890 | Shoals:4 | Identified a +0 trident
 44890 | Shoals:4 | Identified a +0 club
 44890 | Shoals:4 | Identified a +0 sling
 44929 | Shoals:4 | Identified a +0 sling
 44929 | Shoals:4 | Identified a +0 quarterstaff
 44955 | Shoals:4 | Identified a +0 quarterstaff
 44955 | Shoals:4 | Identified a +0 longbow
 45022 | Shoals:4 | Reached skill level 8 in Summonings
 45031 | Shoals:4 | Identified a +0 quarterstaff
 45031 | Shoals:4 | Identified a +0 sling
 45186 | Shoals:4 | Identified a +5 short sword of draining
 45298 | Shoals:4 | Identified a +0 spear
 45298 | Shoals:4 | Identified a +2 heavy longbow
 45301 | Shoals:4 | Identified a +0 spear
 45301 | Shoals:4 | Identified a +0 longbow
 45345 | Shoals:4 | Identified a scroll of silence
 45354 | Shoals:4 | Reached skill level 10 in Shields
 45354 | Shoals:4 | Reached skill level 19 in Conjurations
 45393 | Shoals:4 | Got a barnacled rune of Zot
 45394 | Shoals:4 | Identified the +0 orcbow "Ganuym" {antimagic, rF+ Will-
                  | Dex+7}
 45419 | Shoals:4 | Identified a +0 great mace of protection
 45900 | Elf:1    | Entered Level 1 of the Elven Halls
 45900 | Elf:1    | Identified a +0 short sword
 45900 | Elf:1    | Identified a +0 long sword
 45900 | Elf:1    | Identified a +0 dagger
 45900 | Elf:1    | Identified a +0 mace of holy wrath
 45906 | Elf:1    | Reached skill level 9 in Summonings
 45919 | Elf:1    | Identified a +2 vampiric lajatang
 45919 | Elf:1    | Identified a +1 robe of cold resistance
 45919 | Elf:1    | Noticed Agnes
 45973 | Elf:1    | HP: 21/100 [Agnes/+2 vampiric lajatang (35)]
 45973 | Elf:1    | Mangled by Agnes

Table legend: (Time is in decaauts)
 A = Elapsed time spent in this place.
 B = Non-inter-level travel time spent in this place.
 C = Inter-level travel time spent in this place.
 D = Time resting spent in this place.
 E = Time spent auto-exploring this place.
 F = Levels seen in this place.
 G = Mean time per level.
                   A        B        C        D        E       F      G
               +--------+--------+--------+--------+--------+-----+--------+
         Total |  45987 |  42113 |   3874 |  17038 |  17458 |  34 | 1352.6 |
       Dungeon |  20116 |  18181 |   1935 |   6664 |   8453 |  15 | 1341.1 |
        Temple |     10 |      5 |      5 |      0 |      0 |   1 |   10.0 |
          Lair |   7801 |   7070 |    731 |   2610 |   3176 |   5 | 1560.2 |
        Shoals |   8619 |   8010 |    609 |   4715 |   2117 |   4 | 2154.8 |
     Snake Pit |   5784 |   5515 |    269 |   1681 |   2813 |   4 | 1446.0 |
  Orcish Mines |   2082 |   1760 |    322 |    629 |    787 |   2 | 1041.0 |
   Elven Halls |     31 |     31 |      0 |      9 |      0 |   1 |   31.0 |
        Bailey |   1069 |   1069 |      0 |    537 |     64 |   1 | 1069.0 |
      Gauntlet |    471 |    471 |      0 |    192 |     48 |   1 |  471.0 |
               +--------+--------+--------+--------+--------+-----+--------+

Top non-repeatable levels by time:
Shoals:3: 3516 daAuts
Shoals:2: 2218 daAuts
     D:9: 2043 daAuts
     D:7: 1898 daAuts
  Lair:4: 1809 daAuts
  Lair:3: 1761 daAuts
 Snake:4: 1733 daAuts
    D:14: 1730 daAuts
  Lair:5: 1681 daAuts
 Snake:1: 1656 daAuts
     D:5: 1628 daAuts
   Orc:2: 1585 daAuts
  Lair:2: 1537 daAuts
Shoals:1: 1515 daAuts
    D:15: 1400 daAuts

Table legend:
 A = Kills in this place as a percentage of kills in the entire game.
 B = Kills by you in this place as a percentage of kills by you in the entire game.
 C = Kills by friends in this place as a percentage of kills by friends in the entire game.
 D = Other kills in this place as a percentage of other kills in the entire game.
 E = Experience gained in this place as a percentage of experience gained in the entire game.
 F = Experience gained in this place divided by the number of levels of this place that you have seen.
                   A       B       C       D       E      F
               +-------+-------+-------+-------+-------+----------------------
         Total | 100.0 | 100.0 | 100.0 | 100.0 | 100.0 | 10494.0
       Dungeon |  33.2 |  36.8 |  20.9 |  22.9 |  17.2 | 4098.3
          Lair |  23.0 |  22.4 |  26.1 |  17.1 |  21.6 | 15385.8
        Shoals |  14.7 |  14.1 |  14.8 |  28.6 |  25.5 | 22755.0
     Snake Pit |  15.9 |  15.3 |  19.6 |   5.7 |  26.8 | 23888.2
  Orcish Mines |   8.3 |   6.6 |  12.2 |  25.7 |   6.4 | 11379.5
   Elven Halls |   0.4 |   0.3 |   0.9 |   0.0 |   0.8 | 2825.0
        Bailey |   3.2 |   3.0 |   4.8 |   0.0 |   0.7 | 2607.0
      Gauntlet |   1.3 |   1.4 |   0.9 |   0.0 |   1.0 | 3628.0
               +-------+-------+-------+-------+-------+----------------------

Skill      XL: |  1  2  3  4  5  6  7  8  9 10 11 12 13 14 15 16 17 18 19 |
---------------+----------------------------------------------------------+-----
Conjurations   | 2 3 4 5 6 9 10 11 12 13 14 16 17 18 19 | 19.0
Air Magic      | 5 6 7 10 11 12 13 14 15 16 | 16.0
Fighting       | 1 2 3 4 5 6 7 9 10 | 10.0
Dodging        | 3 4 5 6 7 8 10 | 10.0
Necromancy     | 1 3 4 |  4.0
Armour         | 1 3 4 6 8 |  8.0
Spellcasting   | 3 4 5 7 8 9 10 11 12 13 | 13.0
Poison Magic   | 1 2 |  2.0
Invocations    | 2 4 5 7 8 |  8.0
Stealth        | 4 |  4.0
Earth Magic    | 3 |  3.0
Fire Magic     | 2 4 5 |  5.0
Translocations | 2 |  2.0
Polearms       | 8 12 14 | 14.0
Evocations     | 4 5 |  5.0
Shields        | 5 9 10 | 10.1
Summonings     | 5 9 |  9.0

Action                     |  1- 3 |  4- 6 |  7- 9 | 10-12 | 13-15 | 16-18 | 19-21 || total
---------------------------+-------+-------+-------+-------+-------+-------+-------++-------
  Melee: Unarmed           |     5 |       |       |       |       |       |       ||     5
         Peck              |     7 |     5 |    10 |    33 |    83 |    58 |     8 ||   204
         Short sword       |    19 |    12 |       |       |       |       |       ||    31
         Kick              |     6 |    10 |    13 |    36 |   110 |   101 |    11 ||   287
         Hand axe          |       |    32 |    41 |   102 |       |       |       ||   175
         Punch             |       |       |     1 |     2 |     3 |     5 |       ||    11
         Demon trident     |       |       |       |    32 |   350 |   488 |    45 ||   915
         Staff             |       |       |       |       |       |    18 |     3 ||    21
  Throw: Dart              |       |     4 |     4 |       |       |       |       ||     8
         Javelin           |       |       |       |       |     3 |     6 |       ||     9
   Cast: Shock             |    30 |    43 |    92 |    66 |    21 |     6 |       ||   258
         Magic Dart        |    60 |    73 |   124 |     5 |       |       |       ||   262
         Mephitic Cloud    |       |       |    15 |     4 |    48 |    48 |     2 ||   117
         Swiftness         |       |       |     1 |     1 |     2 |       |       ||     4
         Airstrike         |       |       |       |   183 |   163 |   605 |   158 ||  1109
         Flame Wave        |       |       |       |    20 |    85 |    12 |       ||   117
         Brom's Barrelling |       |       |       |     4 |       |       |       ||     4
         Sticky Flame      |       |       |       |     2 |       |       |       ||     2
         Stone Arrow       |       |       |       |       |     3 |    16 |       ||    19
         Vampiric Draining |       |       |       |       |     2 |     3 |       ||     5
         Blink             |       |       |       |       |       |     4 |       ||     4
 Invoke: Recall Ancestor   |       |       |       |     3 |       |    12 |     1 ||    16
         Ancestor Life: Kn |       |       |       |     1 |       |       |       ||     1
         Idealise          |       |       |       |       |       |     4 |     1 ||     5
         Transference      |       |       |       |       |       |     1 |     1 ||     2
  Evoke: Wand              |       |       |       |     3 |    16 |    18 |       ||    37
         Box of beasts     |       |       |       |       |       |     3 |       ||     3
         Phantom mirror    |       |       |       |       |       |     1 |       ||     1
    Use: Scroll            |     2 |     8 |     8 |    10 |     8 |    14 |       ||    50
         Potion            |       |       |     2 |     1 |       |     3 |       ||     6
   Stab: Confused          |       |       |       |     2 |    17 |    22 |     1 ||    42
         Invisible         |       |       |       |     2 |     9 |    12 |     3 ||    26
         Distracted        |       |       |       |       |     2 |     6 |     4 ||    12
         Paralysed         |       |       |       |       |       |     5 |       ||     5
 Armour: Robe              |    10 |    38 |    60 |    90 |   133 |   106 |       ||   437
         Leather armour    |       |       |       |       |       |    76 |    29 ||   105
  Dodge: Dodged            |    23 |    41 |   106 |   245 |   503 |   423 |    56 ||  1397
  Block: Other             |       |       |       |       |    88 |    54 |       ||   142
         Reflection        |       |       |       |       |       |    29 |     8 ||    37
         Kite shield       |       |       |       |       |       |    60 |    44 ||   104

Vanquished Creatures
  2 sphinxes (Shoals:4)
  Gastronok (Lair:1)
  A kraken (Shoals:3)
  Kirke (Shoals:2)
  3 nagarajas
  The ghost of Ducw the Destroyer, a journeyman DsFE of Vehumet (Lair:4)
  2 minotaurs
  Josephine (D:14)
  4 merfolk impalers
  A fire dragon (D:14)
  The ghost of greasedhog the Spear-Bearer, a journeyman TeFi of Okawaru (Lair:3)
  A rakshasa (D:15)
  5 salamander tyrants
  3 catoblepae
  An ogre mage (D:14)
  4 centaur warriors
  8 anacondas
  2 merfolk aquamancers
  7 hydras
  A merfolk avatar (Shoals:4)
  2 alligator snapping turtles (Shoals:3)
  A dancing weapon (Elf:1)
  16 death yaks
  A boulder beetle (D:15)
  4 satyrs
  9 naga warriors
  7 two-headed ogres
  8 naga sharpshooters
  An orc high priest (Orc:2)
  Urug (Lair:3)
  3 shock serpents
  A fire crab (shapeshifter) (D:13)
  3 skysharks
  5 salamander mystics
  3 skeletal warriors (D:8)
  8 sea snakes
  4 naga ritualists
  A glowing orange brain (D:15)
  6 orc knights
  13 harpies
  4 deep elf pyromancers
  6 mana vipers
  2 deep elf zephyrmancers (Elf:1)
  9 fauns
  8 orc sorcerers
  6 cyclopes
  18 ugly things
  An oklob plant (Shoals:1)
  16 salamanders
  A moth of wrath (Gauntlet)
  5 elephants
  19 manticores
  3 merfolk sirens (Shoals:2)
  3 guardian serpents
  25 black mambas
  An orange demon (D:11)
  A torpor snail (Lair:4)
  5 water nymphs
  15 naga magi
  3 gargoyles
  12 cane toads
  3 rime drakes
  An unseen horror (D:11)
  A freezing wraith (D:14)
  2 kobold demonologists (Bailey)
  8 komodo dragons
  A red devil (D:11)
  A tyrant leech (Gauntlet)
  A queen bee (Lair:4)
  7 trolls
  3 polar bears
  2 meliai (Lair:4)
  A hornet (D:8)
  6 blink frogs
  5 wind drakes
  24 merfolk
  3 snapping turtles
  5 dream sheep
  2 vampires
  5 wraiths
  3 wyverns
  13 water elementals
  A shadow (D:12)
  7 slime creatures
  2 hogs (Shoals:2)
  2 basilisks
  55 yaks
  4 steam dragons
  7 vampire mosquitoes
  3 swamp worms (Gauntlet)
  2 wargs (Orc:1)
  34 nagas
  13 water moccasins
  3 acid dragons
  24 orc warriors
  4 ice beasts
  A sky beast (D:8)
  A black bear (Lair:1)
  29 wolves
  4 ogres
  12 centaurs
  2 phantoms
  Blork the orc (Orc:2)
  A kobold brigand (D:6)
  18 bullfrogs
  2 gnoll sergeants
  3 scorpions (D:5)
  10 wights
  3 knights
  30 killer bees
  4 howler monkeys
  14 electric eels
  A crimson imp (D:11)
  2 jellies
  16 orc priests
  5 hounds
  23 orc wizards
  2 iguanas
  10 gnolls
  8 adders
  3 shadow imps
  6 white imps
  An ufetubus (D:11)
  4 worms
  A dart slug (D:4)
  44 orcs
  8 bats
  10 endoplasms
  6 giant cockroaches
  13 goblins
  18 hobgoblins
  A jackal (D:2)
  24 kobolds
  5 quokkas
  15 ball pythons
  A frilled lizard (D:3)
  6 rats
  A spectral orc (D:15)
937 creatures vanquished.

Vanquished Creatures (collateral kills)
  A sphinx (Shoals:4)
  Donald (Orc:2)
  An orc warlord (Orc:2)
  A minotaur (Shoals:4)
  A merfolk impaler (Shoals:4)
  A salamander tyrant (Snake:4)
  2 merfolk aquamancers (Shoals:3)
  2 alligator snapping turtles (Shoals:4)
  An ogre mage (Orc:2)
  An anaconda (Snake:2)
  3 catoblepae
  4 death yaks
  A two-headed ogre (Orc:2)
  6 naga warriors
  2 boulder beetles
  2 satyrs (Shoals:4)
  2 orc high priests (Orc:2)
  A shock serpent (Snake:2)
  4 naga sharpshooters (Snake:4)
  2 skysharks
  A skeletal warrior (D:8)
  2 salamander mystics (Snake:4)
  2 sea snakes
  A harpy (Shoals:3)
  A harpy (shapeshifter) (D:10)
  An orc knight (Orc:2)
  A deep elf pyromancer (Elf:1)
  2 fauns
  4 ugly things
  A wolf spider (shapeshifter) (D:15)
  2 manticores
  4 mana vipers
  6 salamanders
  A guardian serpent (Snake:4)
  8 black mambas
  2 elephants
  A water nymph (Shoals:2)
  A merfolk siren (Shoals:2)
  A naga mage (Snake:2)
  A torpor snail (Lair:5)
  6 cane toads
  An unseen horror (D:8)
  A rime drake (Lair:4)
  A komodo dragon (Lair:1)
  A red devil (D:11)
  6 merfolk
  A troll (Orc:2)
  A polar bear (Lair:5)
  A meliai (Lair:4)
  6 blink frogs
  4 dream sheep
  A raiju (Gauntlet)
  3 snapping turtles (Shoals:4)
  An air elemental (Elf:1)
  7 slime creatures
  2 vampires
  3 water elementals
  17 yaks
  A wyvern (Lair:3)
  A basilisk (Lair:3)
  A vampire mosquito (D:11)
  A warg (Orc:2)
  10 nagas
  A swamp worm (Gauntlet)
  3 water moccasins
  13 orc warriors
  An ice beast (D:7)
  A sky beast (D:8)
  2 ogres (Orc:2)
  2 wolves
  A centaur (D:7)
  3 kobold brigands
  3 bullfrogs
  5 wights
  5 killer bees (Lair:4)
  A howler monkey (D:10)
  A jelly (Lair:5)
  An orc priest (Orc:2)
  An iguana (D:7)
  An iron imp (D:11)
  3 orc wizards (Orc:2)
  A hell rat (Lair:4)
  3 gnolls (Bailey)
  A river rat (Lair:4)
  A white imp (D:8)
  13 orcs
  2 endoplasms (Lair:5)
  A goblin (Bailey)
  A kobold (D:7)
  A boulder (D:11)
  A tentacle (Shoals:3)
232 creatures vanquished.

Vanquished Creatures (others)
  3 satyrs (Shoals:4)
  3 fauns (Shoals:4)
  A bullfrog (D:8)
  An orc priest (Orc:2)
  30 knights
  An ancestor (D:7)
  An orc (Orc:2)
  A boulder (D:10)
  7 tentacles (Shoals:3)
48 creatures vanquished.

Grand Total: 1217 creatures vanquished
